Cogmind - Beta 16 @@@ ROGUE MODE // 2025.10.28 @ 22:00:33 Player: Zaros426 Result: Core destroyed Performance ------------- Evolutions (8) 4000 Regions Visited (30) 6000 Robots Destroyed (440) 2200 Value Destroyed (23478) 23478 Prototype IDs (83) 1660 Alien Tech Used (7) 1400 Bonus (16729) 16729 TOTAL SCORE: 55467 Bonus ------- Triggered High Security 500 High Alert Combat Kills 5590 Follower Combat Kills 5089 Entered Garrisons 1800 Used RIF Installer 4500 Aligned with FarCom 300 Friendly Fire -1050 Cogmind --------- Core Integrity 0/1450 Matter 280/300 Energy 65/100 System Corruption 12% Temperature Cool (0) +ITN Movement Core (150) Ox2 Location -2/Section 7 Parts ------- > --- POWER (3) -------- (None) > --- PROPULSION (6) --- (None) > --- UTILITY (11) ----- Spectral Analyzer Experimental Core Analyzer Experimental Core Analyzer Graphene Brace Relay Coupler [Swarmer] (12) Relay Coupler [Specialist] (16) Relay Coupler [Proto] (4) Advanced Corruption Screen > --- WEAPON (3) ------- Field Lobotomy Kit > --- INVENTORY (5) ---- Seismic Detector Advanced Transmission Jammer Relay Coupler [Hunter] (15) Peak State ------------ > --- POWER ------------ Light Quantum Reactor Light Quantum Reactor Light Quantum Reactor > --- PROPULSION ------- Centrium Leg Centrium Leg Centrium Leg Centrium Leg Potential Leg Potential Leg > --- UTILITY ---------- High-capacity Storage Unit Spectral Analyzer Experimental Core Analyzer Experimental Core Analyzer Improved Armor Integrity Analyzer Advanced Phase Shifter Advanced Force Field Relay Coupler [Swarmer] Relay Coupler [Sentry] Relay Coupler [Specialist] Relay Coupler [Proto] > --- WEAPON ----------- Enhanced Nova Cannon Sigix Broadsword > --- INVENTORY -------- Biometal Leg Biometal Leg Biometal Leg Experimental Heat Sink Experimental Matter Compressor Seismic Detector Advanced Force Booster Advanced Force Booster Graphene Brace Advanced Force Field Relay Coupler [Heavy] Relay Coupler [Behemoth] Relay Coupler [Proto] Relay Coupler [Proto] Dimensional Node Initializer Supercharged TR Guided Micro-nuke Launcher Advanced Remote Datajack Field Lobotomy Kit [Rating: 212] Favorites ----------- Power Light Quantum Reactor Engine Ion Engine Power Core Neutrino Core Reactor Light Quantum Reactor Propulsion Light Treads Treads Light Treads Leg Armored Leg Wheel Armored Huge Wheel Hover Unit Improved Linear Gravjet Utility High-capacity Storage Unit Device Seismic Detector Storage High-capacity Storage Unit Processor Experimental Core Analyzer Hackware Hacking Suite Protection Light Armor Plating Weapon Light Cannon Energy Gun Enhanced Quantum Rifle Energy Cannon Enhanced Nova Cannon Ballistic Gun Helical Railgun Ballistic Cannon Light Cannon Launcher Missile Launcher Special Weapon Remote Datajack Impact Weapon Impact Mace Slashing Weapon Katana Piercing Weapon Spear Special Melee Weapon Datajack Build | -11 -10 -10 -10 -9 -8 -8 -8 -8 -7 -7 -7 -7 -6 -6 -6 -6 -5 -5 -5 -5 -4 -4 -4 -4 -3 -3 -2 -2 -2 -2 ------- Run | Yrd Mat Min Exi Min Mat Gar Mat Gar Fac Gar Fac Gar Fac Was Fac Gar Fac Was Fac Gar Fac Gar Arm Lab Res Gar Res Gar Qua Sec Slots Evolved 16 | . . . . . 4 . . . 2 . . . 2 . . . 2 . . . 2 . . . 2 . 2 . . . Power 2 | . . . . . . . . . . . . . 1 . . . . . . . . . . . 1 . . . . . Propulsion 4 | . . . . . 1 . . . 1 . . . . . . . . . . . 2 . . . . . . . . . Utility 9 | . . . . . 2 . . . 1 . . . 1 . . . 2 . . . . . . . 1 . 2 . . . Weapon 1 | . . . . . 1 . . . . . . . . . . . . . . . . . . . . . . . . . Parts Attached 322 | 7 9 6 3 6 17 3 . 10 3 7 3 15 14 9 8 10 22 3 14 33 9 10 12 . 10 16 13 20 22 8 Power 45 | 1 . 1 . . 2 . . . . 1 1 2 5 2 . 1 3 . 2 3 . 1 3 . . 3 2 2 8 2 Engine 12 | 1 . 1 . . 2 . . . . . . 1 4 . . . 2 . . . . 1 . . . . . . . . Core 14 | . . . . . . . . . . 1 1 1 1 1 . 1 1 . 2 1 . . 1 . . 2 . . 1 . Reactor 19 | . . . . . . . . . . . . . . 1 . . . . . 2 . . 2 . . 1 2 2 7 2 Propulsion 69 | 2 . 1 1 2 4 2 . 8 2 2 . 4 1 3 . 3 3 . 4 7 . 2 2 . 2 2 3 4 2 3 Treads 33 | 2 . 1 1 . 4 2 . 8 2 1 . 3 . 1 . 2 3 . 3 . . . . . . . . . . . Leg 30 | . . . . 2 . . . . . . . . . 2 . . . . 1 6 . 2 1 . 2 2 3 4 2 3 Wheel 5 | . . . . . . . . . . 1 . 1 1 . . 1 . . . 1 . . . . . . . . . . Hover 1 | . . . . . . . . . . . . . . . . . . . . . . . 1 . . . . . . . Flight . | . . . . . . . . . . . . . . . . . . . . . . . . . . . . . . . Utility 134 | 2 3 2 1 2 4 . . 1 1 3 . 4 5 3 6 4 11 3 5 16 7 5 3 . 6 7 6 14 7 3 Device 45 | 1 . 1 . 2 . . . 1 . 3 . . 3 2 3 . 3 . 1 4 3 1 3 . 1 1 3 5 4 . Storage 12 | 1 2 . . . . . . . . . . 1 . . 1 1 2 . . 1 . . . . 2 . . 1 . . Processor 17 | . 1 . . . . . . . 1 . . . . . 1 . 1 . 2 5 1 1 . . 3 . . . . 1 Hackware 43 | . . . . . 2 . . . . . . 1 2 . 1 3 3 3 1 4 2 2 . . . 6 2 8 2 1 Protection 17 | . . 1 1 . 2 . . . . . . 2 . 1 . . 2 . 1 2 1 1 . . . . 1 . 1 1 Artifact . | . . . . . . . . . . . . . . . . . . . . . . . . . . . . . . . Weapon 74 | 2 6 2 1 2 7 1 . 1 . 1 2 5 3 1 2 2 5 . 3 7 2 2 4 . 2 4 2 . 5 . Energy Gun 11 | . 2 . . . . . . . . . 2 3 2 . . . . . . . . . . . . . 1 . 1 . Energy Cannon 8 | . . . . . 1 . . . . . . . . . . . 2 . . . . . 2 . 1 . . . 2 . Ballistic Gun 18 | 2 . 1 . . 4 . . 1 . . . . 1 . . 2 . . . 4 . 1 . . . 2 . . . . Ballistic Cannon 11 | . 2 1 . 2 1 . . . . 1 . 1 . . 1 . . . . 2 . . . . . . . . . . Launcher 10 | . 2 . . . . 1 . . . . . . . 1 . . 1 . 1 . 1 . 2 . . . . . 1 . Special Weapon 6 | . . . . . . . . . . . . 1 . . . . . . 1 1 . 1 . . . 2 . . . . Impact Weapon 1 | . . . . . . . . . . . . . . . . . . . . . . . . . . . 1 . . . Slashing Weapon 4 | . . . . . 1 . . . . . . . . . 1 . . . . . . . . . 1 . . . 1 . Piercing Weapon 1 | . . . . . . . . . . . . . . . . . 1 . . . . . . . . . . . . . Special Melee Weapon 4 | . . . 1 . . . . . . . . . . . . . 1 . 1 . 1 . . . . . . . . . Unidentified Prototypes 32 | . . 1 . 1 2 . . . . . . . 1 . 1 . 1 . . 5 2 . 2 . 3 . 1 . 9 3 Parts Lost 85 | . 3 2 . . . . . 1 . 5 . 6 2 1 . 2 16 . 3 2 . 5 1 . 1 8 1 3 5 18 Power 15 | . . . . . . . . . . 1 . . . . . . 4 . . . . 1 . . . 3 . 1 . 5 Propulsion 15 | . . 1 . . . . . . . 1 . 1 . . . . 1 . . . . 1 . . . 1 . . 1 8 Utility 34 | . 1 . . . . . . 1 . 2 . 2 2 1 . 1 8 . 3 1 . 2 1 . 1 2 . 2 2 2 Weapon 21 | . 2 1 . . . . . . . 1 . 3 . . . 1 3 . . 1 . 1 . . . 2 1 . 2 3 Highest Loss Streak 11 | . 1 2 . . . . . 1 . 4 . 3 1 1 . 1 7 . 1 1 . 3 1 . 1 3 1 2 3 11 To Critical Strikes 1 | . . . . . . . . . . . . . . . . . 1 . . . . . . . . . . . . . Average Backups 16 | . 10 17 19 16 13 14 14 14 14 13 16 15 15 15 16 14 18 13 16 16 16 17 18 18 17 17 19 19 19 17 Power . | . . . . . . . . . . . . . . . . . . . . . . 1 1 1 . . . . . 1 Propulsion 3 | . . 2 2 3 3 3 4 4 3 3 3 3 2 3 4 4 3 3 7 8 3 2 3 4 4 3 4 3 2 2 Utility 8 | . 3 7 8 6 5 5 5 5 6 5 8 9 10 8 9 7 9 6 5 5 9 10 10 9 8 9 12 13 11 9 Weapon 2 | . 5 6 6 4 2 3 3 2 3 2 2 2 1 1 1 1 3 2 1 1 1 1 1 2 2 2 1 . . . Tool/Special . | . . . . . . . . . . . . . . . . . . . . . . . . . . . . . . . Unused Backups 43 | . . . 1 4 1 1 . . 1 . 3 2 . . . 4 3 . . 4 1 . . . . 7 . 3 2 6 Power 1 | . . . . . 1 . . . . . . . . . . . . . . . . . . . . . . . . . Propulsion 7 | . . . . . . . . . . . . 1 . . . 1 2 . . 1 1 . . . . . . . 1 . Utility 30 | . . . . 3 . 1 . . 1 . 2 1 . . . 3 1 . . 2 . . . . . 7 . 3 1 5 Weapon 3 | . . . 1 1 . . . . . . . . . . . . . . . 1 . . . . . . . . . . Tool/Special 2 | . . . . . . . . . . . 1 . . . . . . . . . . . . . . . . . . 1 Average Slot Usage (%) 90 | . 97 99 100 99 98 100 100 99 99 85 87 79 67 83 75 84 69 70 82 89 97 89 94 94 88 87 90 95 95 81 Engine 4 | . 14 14 14 14 9 9 9 9 7 2 . 3 7 2 . . 1 . . . . 2 2 . . . . . . . Core 1 | . . . . . . . . . . 4 7 3 . 5 6 7 7 . 3 4 . . 2 . . 1 1 . . . Reactor 3 | . . . . . . . . . . . . . . 3 6 4 . . . 6 10 5 4 10 10 11 11 12 12 9 Treads 12 | . 27 27 28 10 24 22 27 25 30 20 15 11 6 5 6 5 7 5 10 11 . . . . . . . . . . Leg 9 | . . . . 17 2 4 . 1 . . . 1 4 5 . . . 10 10 3 30 30 31 31 27 23 21 24 26 22 Wheel 1 | . . . . . . . . . . 4 7 5 3 4 6 6 3 . . 1 . . . . . . . . . . Device 7 | . 3 . . 11 9 9 9 8 7 10 15 2 9 11 12 6 5 5 5 13 13 5 13 15 14 4 8 8 7 8 Storage 7 | . 14 14 14 14 9 9 9 9 7 7 7 7 6 6 6 6 5 5 5 5 5 5 5 5 4 4 4 4 4 3 Processor 10 | . 9 . . . . . . . 6 7 7 7 6 6 9 13 8 11 10 13 19 21 21 21 20 23 21 18 17 16 Hackware 8 | . . . . . 13 18 18 18 15 9 7 9 8 13 9 12 10 18 17 6 1 . . . . 5 10 9 17 14 Protection 2 | . . 13 14 2 3 . . . . . . 9 1 . . . 3 . 1 3 . 4 . . . . . 2 . . Ballistic Gun 5 | . . 7 2 . 18 22 18 23 20 5 . . 1 . . 4 1 . . 5 14 13 7 . . 1 . . . . Ballistic Cannon 5 | . 22 20 14 26 6 . . . . 4 4 . 1 1 4 . 1 . . 2 . . . . . . . . . . Launcher 1 | . 2 . . . . . . 1 . . . . . 4 1 4 2 . . . . . . 2 2 . 2 1 2 . Slashing Weapon 2 | . . . . . . 3 9 1 2 4 7 5 4 4 1 6 1 5 5 3 . . . . 1 1 2 3 2 2 Peak Build Rating 212 | 7 8 14 15 39 50 50 34 50 37 50 51 77 91 89 97 84 107 80 98 136 146 143 144 144 170 165 185 192 212 209 Average Rating 84 | 5 7 9 12 26 33 37 34 34 36 44 47 51 68 74 88 79 89 78 85 103 141 126 133 143 148 150 173 184 199 174 On Entrance 81 | . 7 8 11 15 33 50 34 34 30 37 50 43 68 69 89 84 79 60 80 74 136 144 125 144 143 164 154 185 181 205 Avg Prop Armor Cover (%) 10 | . . . . . 10 9 . 8 . 14 14 13 14 12 11 14 10 22 20 10 4 3 5 . . 7 9 2 2 13 Naked Turns . | . . . . . . . . . . . . . . . . . . . . . . . . . . . . . . . Heaviest Build 192 | 13 52 54 54 53 64 59 58 59 59 76 72 115 125 139 139 91 192 46 80 115 124 122 119 119 134 134 126 135 147 144 Greatest Support 180 | 40 40 40 40 60 60 60 60 60 80 80 40 75 150 90 28 70 145 60 97 124 124 124 124 124 136 150 176 150 180 180 Greatest Overweight (x) 6 | . 1 2 1 1 1 . . . . 2 2 4 4 4 4 3 6 . 1 4 . 1 1 . 1 1 1 . . . Average Overweight (x) . | . . 1 1 . . . . . . 1 1 1 1 2 3 2 3 . . 1 . . . . . . . . . . Largest Inventory Capacity 25 | 8 20 20 20 20 20 20 20 20 20 20 20 20 20 20 20 20 25 20 20 20 20 20 20 20 20 20 20 20 20 20 Average Capacity 20 | 6 19 20 20 20 20 20 20 20 20 20 20 20 20 20 20 20 23 20 20 20 20 20 20 20 20 20 20 20 20 19 Most Carried 25 | 2 15 20 20 20 20 20 20 20 20 20 20 20 20 20 20 20 25 20 20 20 20 20 20 20 20 20 20 20 20 20 Average Carried 18 | . 10 17 19 19 19 19 20 19 19 18 19 19 19 19 19 19 21 18 19 19 19 18 19 19 19 18 19 19 19 17 Final Capacity 20 | 8 20 20 20 20 20 20 20 20 20 20 20 20 20 20 20 20 20 20 20 20 20 20 20 20 20 20 20 20 20 5 Final Carried 20 | 2 14 20 20 20 20 20 20 20 20 20 20 20 20 20 20 19 20 18 20 19 19 20 20 20 20 20 20 20 19 3 Class Distribution -------------------- 23% | Mutant 14% | Botlord-Mutant 11% | Scavenger-Mutant 11% | Botlord-Gunner 9% | Bothacker-Mutant 6% | Hacker-Skirmisher 5% | Hacker-Mutant 5% | Scavenger-Tank 5% | Scavenger-Gunner Dominant Class ---------------- Mutant | -10/Materials Mutant | -10/Mines Mutant | -10/Exiles Mutant | -9/Mines Hacker-Skirmisher | -8/Materials Hacker-Skirmisher | -8/Garrison Hacker-Mutant | -8/Materials Hacker-Skirmisher | -8/Garrison Scavenger-Gunner | -7/Factory Scavenger-Mutant | -7/Garrison Bothacker-Mutant | -7/Factory Bothacker-Mutant | -7/Garrison Bothacker-Mutant | -6/Factory Bothacker-Mutant | -6/Waste Bothacker-Tank | -6/Factory Scavenger-Mutant | -6/Garrison Scavenger-Tank | -5/Factory Hacker-Mutant | -5/Waste Hacker-Mutant | -5/Factory Scavenger-Mutant | -5/Garrison Scavenger-Gunner | -4/Factory Bothacker-Gunner | -4/Garrison Botlord-Gunner | -4/Armory Botlord-Gunner | -4/Lab Botlord-Gunner | -3/Research Botlord-Mutant | -3/Garrison Botlord-Mutant | -2/Research Botlord-Mutant | -2/Garrison Botlord-Mutant | -2/Quarantine Botlord-Mutant | -2/Section 7 Resources | -11 -10 -10 -10 -9 -8 -8 -8 -8 -7 -7 -7 -7 -6 -6 -6 -6 -5 -5 -5 -5 -4 -4 -4 -4 -3 -3 -2 -2 -2 -2 ----------- Run | Yrd Mat Min Exi Min Mat Gar Mat Gar Fac Gar Fac Gar Fac Was Fac Gar Fac Was Fac Gar Fac Gar Arm Lab Res Gar Res Gar Qua Sec Matter Collected 16303 | 294 665 437 . 220 692 298 . 742 125 302 66 744 316 178 145 474 627 . 350 1366 395 1337 521 . 576 1285 285 1233 1834 796 Remotely . | . . . . . . . . . . . . . . . . . . . . . . . . . . . . . . . Salvage Created 19495 | 125 943 281 . 139 747 411 11 912 199 497 66 1719 1107 144 25 1146 2669 . 340 1116 516 1203 511 . 597 1064 402 849 1468 288 Parts 951 | 10 71 12 . 7 44 29 2 58 17 24 5 74 49 4 3 44 128 . 21 42 24 55 16 . 41 59 20 50 29 13 Haulers Intercepted 10 | . 2 . . . 2 . . . 1 . . . 2 . . . 2 . . . 1 . . . . . . . . . Recyclers Shooed 16 | . 3 1 . . 1 . . . 1 . . . 1 . . . 6 . . . . . . . 2 . 1 . . . Parts Field Recycled . | . . . . . . . . . . . . . . . . . . . . . . . . . . . . . . . Retrieved Matter . | . . . . . . . . . . . . . . . . . . . . . . . . . . . . . . . Parts Self-Destructed . | . . . . . . . . . . . . . . . . . . . . . . . . . . . . . . . Prevented . | . . . . . . . . . . . . . . . . . . . . . . . . . . . . . . . Parts Restored 1 | . . . . . . . . . . . . . . . . . . . . . . . . . . . 1 . . . Broken 1 | . . . . . . . . . . . . . . . . . . . . . . . . . . . 1 . . . Kills | -11 -10 -10 -10 -9 -8 -8 -8 -8 -7 -7 -7 -7 -6 -6 -6 -6 -5 -5 -5 -5 -4 -4 -4 -4 -3 -3 -2 -2 -2 -2 ------- Run | Yrd Mat Min Exi Min Mat Gar Mat Gar Fac Gar Fac Gar Fac Was Fac Gar Fac Was Fac Gar Fac Gar Arm Lab Res Gar Res Gar Qua Sec Combat Hostiles Destroyed 322 | . 23 3 . 2 10 13 . 27 1 18 . 27 15 . . 12 42 . 2 13 6 20 7 . 3 18 1 21 34 4 Melee 30 | . . . . . . . . 2 1 4 . 9 . . . . 2 . 2 1 . . . . . 3 . 2 4 . Guns 82 | . 1 . . . 7 6 . 18 . 2 . 3 . . . 2 1 . . 8 5 20 . . . 2 1 4 2 . Cannons 94 | . 11 3 . 2 3 . . . . 8 . 8 10 . . . 24 . . 2 . . 1 . 3 11 . . 4 4 AOE 109 | . 11 . . . . 7 . 7 . 4 . 6 5 . . 10 14 . . 1 1 . 2 . . 2 . 15 24 . Classes Destroyed 22 | 2 7 1 . . 2 1 . 1 . 1 . 2 . 1 . . 1 . . 1 . 1 . . . . . . 1 . Worker 24 | . 6 . . . 3 . . . 1 . 2 . 1 . . . 5 . 1 . 2 . . . 2 . . . 1 . Builder 12 | . 3 . . . 1 . 1 . . . . . 3 . . . 1 . 1 . 2 . . . . . . . . . Tunneler 15 | 2 2 1 . 1 . . . . 1 . . . . . 1 . 2 . . . 1 . . . 3 . 1 . . . Hauler 10 | . 2 . . . 2 . . . 1 . . . 2 . . . 2 . . . 1 . . . . . . . . . Recycler 21 | 1 3 2 . 1 1 . . . 1 . . . 2 . . . 5 . 1 . . . . . 2 . 2 . . . Mechanic 2 | . . . . . 1 . . . . . . . . . . . 1 . . . . . . . . . . . . . Operator 10 | . 2 . . . . . . . . . 1 . . . . . 3 . 1 . . . . . 1 . 1 . 1 . Watcher 16 | . 3 . . . 3 . . . . . . . . . . . 3 . 1 1 . . 1 . 1 . 1 . 2 . Swarmer 77 | . 6 . . . . 6 . 10 . 8 . 8 4 . . 6 9 . . . . 4 . . . 1 . 15 . . Cutter 6 | . . . . . . . . . . 2 . . . . . 2 . . . . . . . . . 2 . . . . Saboteur 10 | . . . . . . 3 . . . . . . . . . 2 . . . . . . . . . . . 3 2 . Grunt 129 | . 17 1 . 2 6 . . 6 1 6 . 13 9 . . 1 15 . . 8 5 10 2 . . 3 . 1 22 1 Brawler 13 | . . . . . . . . . . . . 2 1 . . . 5 . . 1 . . 2 . . . . 1 1 . Duelist 8 | . . . . . . . . . . . . 2 . . . . 2 . . . . . . . . . . . 4 . Protector 2 | . . . . . . . . . . . . . . . . . . . . . . . . . . . . . 2 . Sentry 26 | . . 2 . . 2 4 . 8 . 1 . . 1 . . . 1 . . 1 1 . 1 . . 2 . 1 . 1 Specialist 5 | . . . . . . . . . . . . . . . . . . . . 1 . . . . . 4 . . . . Hunter 18 | . . . . . 2 . . 1 . 1 . 1 . . . 1 6 . . 2 . . . . . 1 1 1 1 . Programmer 30 | . . . . . . . . 2 . . . 1 . . . . 4 . 2 1 . 5 2 . 3 4 . 1 3 2 Heavy 1 | . . . . . . . . . . . . . . . . . 1 . . . . . . . . . . . . . Behemoth 2 | . . . . . . . . . . . . . . . . . . . . . . 1 . . . 1 . . . . Wasp 1 | . . . . . . . . . . . . . . 1 . . . . . . . . . . . . . . . . Martyr 2 | . . . . . . . . . . . . . . 2 . . . . . . . . . . . . . . . . Best Kill Streak 13 | 2 5 3 . 3 5 4 1 5 2 5 2 7 6 . 1 4 13 . 4 3 8 5 2 . 4 3 1 5 8 1 Combat Bots Only 10 | . 4 2 . 2 4 4 . 5 1 5 . 7 4 . . 4 10 . 2 3 5 5 4 . 2 3 1 5 8 1 Max Kills in Single Turn 6 | 1 3 1 . 2 1 2 1 3 1 3 1 2 5 1 1 3 6 . 1 1 4 1 1 . 1 1 1 4 5 1 Gunslinging 1 | . . . . . . 1 . 1 . . . . . . . . . . . . . . . . . . . . . . Exploded 5 | . 2 . . . . 2 . 3 . 3 . 2 4 . . 3 4 . . 1 1 . 1 . . 1 . 4 5 . Melee 1 | . . . . . . . . 1 1 1 . 1 . . . . 1 . 1 1 . . . . . 1 . 1 1 . Uniques/NPCs Destroyed . | . . . . . . . . . . . . . . . . . . . . . . . . . . . . . . . Combat | -11 -10 -10 -10 -9 -8 -8 -8 -8 -7 -7 -7 -7 -6 -6 -6 -6 -5 -5 -5 -5 -4 -4 -4 -4 -3 -3 -2 -2 -2 -2 -------- Run | Yrd Mat Min Exi Min Mat Gar Mat Gar Fac Gar Fac Gar Fac Was Fac Gar Fac Was Fac Gar Fac Gar Arm Lab Res Gar Res Gar Qua Sec Hostile Shots Fired 2426 | . 76 23 . 8 56 16 . 109 1 107 5 113 62 . . 79 261 1 91 77 69 339 41 . 13 181 13 136 235 314 Missed 846 | . 20 6 . 3 12 5 . 40 . 24 1 26 22 . . 31 78 1 31 31 37 125 20 . 4 68 3 55 89 114 Deflected 16 | . . . . . . . . . . . . . . . . . . . . . . 4 . . . 12 . . . . Hits 1580 | . 56 17 . 5 44 11 . 69 1 83 4 87 40 . . 48 183 . 60 46 32 214 21 . 9 113 10 81 146 200 Melee 46 | . . . . . . . . . . 13 . 1 . . . . 13 . 2 1 . . . . . 5 . 4 7 . Projectile 1534 | . 56 17 . 5 44 11 . 69 1 70 4 86 40 . . 48 170 . 58 45 32 214 21 . 9 108 10 77 139 200 AOE 9 | . . . . . . . . . . 2 . . . . 1 3 . . . . . . . . . 1 . 1 1 . Critical Strikes 68 | . . 4 . . . . . 5 . 6 1 5 2 . . . 8 . 1 2 1 8 1 . . 3 2 5 7 7 Actively Blocked 11 | . . . . . . . . . . . . . . . . . 3 . 1 1 . . . . . . . 1 . 5 Part Disruptions 2 | . . . . . . . . . . . . . . . . . . . . 1 . . . . . . . 1 . . Damage Taken 25492 | . 702 227 . 40 518 103 . 749 75 1058 51 1510 624 54 73 612 3199 . 1156 802 272 3097 317 . 125 1495 247 1732 2200 4454 Core 2941 | . 90 53 . . 16 . . 76 50 114 . 264 82 . . 88 220 . 141 49 31 85 44 . 24 149 14 68 286 997 Absorbed by Shields 7124 | . . . . 15 200 42 . 264 27 251 19 18 78 . . 273 482 . . 185 287 988 188 . 128 611 86 579 1343 1060 Reduced by Siege Mode 5 | . . . . . . . . . . . . . . . . . . . . 5 . . . . . . . . . . Regen/Repaired (Parts) 864 | . . . . . . . . . . . . . . 278 . . . . 18 . . . 203 . . . . . 263 102 Core Remaining (%) 71 | 100 . . . 42 . . . 83 . . . 38 . . . 80 . . . 59 . . . 86 . 86 . . . . Volleys Fired 1013 | 12 76 13 . 10 44 16 . 57 3 28 1 49 3 2 1 46 45 . 2 88 21 92 42 9 36 77 24 62 112 42 Largest 3 | 2 2 2 . 2 3 3 . 3 3 3 2 3 1 1 1 1 3 . 1 3 3 3 3 1 2 2 1 1 1 1 Hottest 231 | 40 80 60 . 60 90 76 . 76 69 88 90 150 28 5 5 36 231 . 46 114 114 114 120 120 230 230 65 65 120 120 Shots Fired 1681 | 24 137 26 . 20 132 40 . 142 9 42 3 80 25 3 1 46 127 . 2 116 55 223 55 10 37 84 24 63 113 42 Gun 845 | 24 16 1 . . 92 36 . 135 9 16 3 34 3 . . 19 15 . . 74 54 221 14 . . 20 13 27 19 . Cannon 553 | . 102 25 . 20 40 . . . . 24 . 14 22 . . . 80 . . 35 . . 23 9 37 43 . . 46 33 Launcher 143 | . 19 . . . . 4 . 7 . 2 . 11 . 1 . 9 32 . 2 . 1 . 7 1 . 5 . 11 31 . Special 140 | . . . . . . . . . . . . 21 . 2 1 18 . . . 7 . 2 11 . . 16 11 25 17 9 Kinetic 1089 | 24 108 26 . 20 132 36 . 135 9 40 . 14 25 . . 19 83 . . 109 54 221 14 . . 20 . . . . Thermal 230 | . . . . . . . . . . . . . . . . . 12 . . . . . 3 7 36 34 13 27 65 33 Explosive 128 | . 19 . . . . 4 . 7 . 2 . 11 . 1 . 9 17 . 2 . 1 . 7 1 . 5 . 11 31 . Electromagnetic 94 | . 10 . . . . . . . . . 3 34 . . . . 15 . . . . . 20 2 1 9 . . . . Robot Hit Streak 24 | 4 9 4 . 4 22 12 . 16 19 7 1 9 20 23 24 5 20 . 2 7 8 23 11 . 15 20 10 12 10 7 Robot Miss Streak 7 | 4 4 1 . 2 4 4 . 2 1 5 6 2 1 . . 2 4 . . 4 3 7 2 . 3 4 1 5 4 2 Penetration Max 2 | . . . . . . . . . . . . . . . . . . . . 1 1 1 2 . . . . . . . Secondary Targets 15 | . . . . . 2 1 . 2 . . . . . . . . . . . 1 2 7 . . . . . . . . Max Gunslinging Chain 1 | . . . . . 1 1 . 1 . . . . . . . . . . . 1 1 1 . . . . . . . . Autonomous 105 | . . . . . . . . . . . . 14 22 . . . 69 . . . . . . . . . . . . . Shots Hit Robots 1241 | 14 76 14 3 10 86 28 4 102 9 37 5 104 31 6 5 64 96 8 15 74 40 132 33 . 25 65 23 52 61 19 Core Hits 772 | 6 58 9 . 5 36 21 . 43 5 16 4 54 34 13 . 42 105 . 6 25 23 48 15 . 11 26 7 32 121 7 Critical Kills 6 | . . . . . . . . 1 . 1 . . . . . . . . . 1 1 1 . . . . . . 1 . Critical Parts Destroyed 5 | . . . . . . 1 . 1 . . . . . . . . . . . 1 1 1 . . . . . . . . Critical Strikes 58 | . 6 3 . 1 1 2 . 2 . 5 . 7 4 1 . 2 5 . 1 8 2 2 . . 1 1 . 1 3 . Meltdown 1 | . . . . . . . . . . . . . . . . . . . . . . . . . . . . . 1 . Destroy 10 | . . . . . . 1 . 2 . 1 . . . . . . . . . 2 2 2 . . . . . . . . Blast 24 | . 4 3 . 1 1 . . . . 2 . . 4 . . . 5 . . 4 . . . . . . . . . . Corrupt 4 | . 2 . . . . . . . . . . 1 . . . . . . . . . . . . 1 . . . . . Sever 19 | . . . . . . 1 . . . 2 . 6 . 1 . 2 . . 1 2 . . . . . 1 . 1 2 . Melee Attacks 509 | . . . 3 . 4 17 7 17 3 32 5 116 10 3 4 72 24 11 22 44 4 . . . 3 20 3 49 33 3 Impact . | . . . . . . . . . . . . . . . . . . . . . . . . . . . . . . . Slashing 482 | . . . . . 4 17 7 14 3 32 5 116 10 3 4 72 18 3 19 44 . . . . 3 20 3 49 33 3 Piercing 5 | . . . . . . . . . . . . . . . . . 5 . . . . . . . . . . . . . Sneak Attacks 49 | . . . 3 . 1 . 3 3 2 . 2 3 7 3 3 . 3 1 4 4 . . . . . . 2 5 . . Combat Hostiles 1 | . . . . . . . . . . . . . . . . . . 1 . . . . . . . . . . . . Follow-up Attacks . | . . . . . . . . . . . . . . . . . . . . . . . . . . . . . . . Damage Inflicted 61032 | 126 2279 258 . 199 1561 1064 219 2027 241 1603 222 4387 3187 562 260 4138 10077 . 887 2731 1606 3965 1002 . 1221 2199 616 3868 9877 650 Guns 11194 | 126 63 18 . . 867 351 . 1498 95 124 17 422 . . . 261 270 . . 582 986 3965 250 . . 165 370 463 301 . Cannons 15130 | . 1115 240 . 199 577 . . . . 810 . 1051 1631 . . . 4601 . . 590 . . 404 . 1221 1448 . . 754 489 Explosions 22690 | . 1101 . . . . 298 . 430 . 194 . 770 992 361 . 1449 4590 . 238 70 620 . 348 . . 393 . 2644 8192 . Melee 11940 | . . . . . 65 415 219 99 146 475 205 2144 564 201 260 2428 612 . 649 1489 . . . . . 193 240 761 614 161 Ramming 78 | . . . . . 52 . . . . . . . . . . . 4 . . . . . . . . . 6 . 16 . Kinetic 20079 | 126 1123 258 . 199 1444 351 . 1498 95 934 . 1051 1631 . . 261 4570 . . 1172 986 3965 250 . . 165 . . . . Thermal 7273 | . 113 . . . . . . . . . . 152 757 . . . 1297 . 115 . . . . . 1165 1297 370 463 1055 489 Explosive 18881 | . 988 . . . . 298 . 430 . 194 . 618 . 361 . 1449 2153 . 123 70 620 . 348 . . 393 . 2644 8192 . Electromagnetic 2781 | . 55 . . . . . . . . . 17 422 235 . . . 1441 . . . . . 404 . 56 151 . . . . Impact . | . . . . . . . . . . . . . . . . . . . . . . . . . . . . . . . Slashing 11902 | . . . . . 65 415 219 99 146 475 205 2144 564 201 260 2428 574 . 649 1489 . . . . . 193 240 761 614 161 Piercing 38 | . . . . . . . . . . . . . . . . . 38 . . . . . . . . . . . . . Highest Corruption 44 | . . . . . . . . 3 . 4 4 5 1 1 1 2 19 38 43 44 . 7 8 8 . 3 . 3 3 12 Average Corruption 10 | . . . . . . . . 2 . 4 4 4 1 1 1 1 13 27 38 43 . 5 7 8 . 1 . 2 3 6 Corruption Purged . | . . . . . . . . . . . . . . . . . . . . . . . . . . . . . . . Corruption Blocked 2 | . . . . . . . . . . . . . . . . . . . . . . . . . . . . . . 2 Effects 407 | . . . . . . . . 12 . 13 4 36 1 2 4 12 37 8 34 107 . 26 35 5 . 9 . 13 36 13 Message Errors 101 | . . . . . . . . 1 . 2 . 9 1 . 2 4 11 1 6 27 . 6 8 1 . 3 . 2 11 6 Matter Fused 76 | . . . . . . . . . . 4 1 4 . . 2 3 7 . 3 20 . 9 8 . . 2 . 2 10 1 Heat Flow Errors 41 | . . . . . . . . 2 . 3 . 6 . 1 . . 2 2 2 13 . 1 3 1 . . . 2 1 2 Energy Discharges 50 | . . . . . . . . 1 . . 1 4 . . . 1 6 2 5 11 . 2 4 1 . 2 . 6 4 . Parts Rejected 6 | . . . . . . . . . . . . 1 . . . . 1 . 1 . . . . . . . . . 2 1 Parts Fused 3 | . . . . . . . . . . . . . . . . 1 . 1 1 . . . . . . . . . . . Data Loss (minor) 49 | . . . . . . . . 5 . . . 6 . . . 3 5 . 6 14 . 3 2 1 . . . . 4 . Data Loss (major) 21 | . . . . . . . . 2 . 2 . 3 . . . . 2 . 1 6 . 1 3 . . 1 . . . . Misfires 19 | . . . . . . . . . . 1 1 2 . 1 . . 1 . . 2 . 1 5 1 . 1 . 1 2 . Alerts 12 | . . . . . . . . 1 . 1 1 1 . . . . . . 2 1 . . 2 . . . . . 1 2 Misdirections 16 | . . . . . . . . . . . . . . . . . 2 2 7 4 . . . . . . . . . 1 Weapon Failures 13 | . . . . . . . . . . . . . . . . . . . . 9 . 3 . . . . . . 1 . Overload Shots . | . . . . . . . . . . . . . . . . . . . . . . . . . . . . . . . Overflow Damage 3216 | . 84 9 . . 21 . 56 . . 114 25 271 335 5 44 114 1070 . 134 149 52 . 16 . 58 79 133 216 231 . Projectiles 1365 | . 2 9 . . . . . . . 114 . 204 215 . . . 599 . . 55 . . 8 . 58 79 . . 22 . Explosions 837 | . 82 . . . . . . . . . . 5 91 5 . 43 264 . 67 1 52 . 8 . . . . 72 147 . Melee 1014 | . . . . . 21 . 56 . . . 25 62 29 . 44 71 207 . 67 93 . . . . . . 133 144 62 . Knockbacks 58 | . 14 1 . 3 5 . . . . 6 . 3 4 . . . 17 . . 5 . . . . . . . . . . Impact . | . . . . . . . . . . . . . . . . . . . . . . . . . . . . . . . Kinetic 54 | . 14 1 . 3 5 . . . . 5 . 3 4 . . . 14 . . 5 . . . . . . . . . . Secondary 4 | . . . . . . . . . . 1 . . . . . . 3 . . . . . . . . . . . . . Self-Inflicted Damage 832 | . 179 . . . . . . 11 . . . 4 54 55 . 56 238 . . . . . . . . . . 122 113 . Shots 24 | . 6 . . . . . . 1 . . . 1 1 1 . 2 7 . . . . . . . . . . 2 3 . Rammed 2 | . . . . . . . . . . . . . . . . . 2 . . . . . . . . . . . . . Targets Rammed 6 | . . . . . 2 . . . . . . . . . . . 2 . . . . . . . . . 1 . 1 . Kicked 4 | . . . . . 2 . . . . . . . . . . . . . . . . . . . . . 1 . 1 . Crushed . | . . . . . . . . . . . . . . . . . . . . . . . . . . . . . . . Highest Temperature 426 | . 36 90 . 20 278 1 . 249 . 210 9 301 2 210 . 20 426 123 200 267 109 322 295 290 280 420 18 244 385 403 Average Temperature 90 | . 13 32 . 13 85 1 . 52 . 59 6 105 2 117 . 10 117 56 66 82 37 120 72 149 98 96 5 65 112 94 Received Heat Transfer 4154 | . 162 162 . 20 180 18 . 210 12 184 38 357 256 . . 141 404 . 312 151 54 633 40 . . 104 12 88 215 401 Effects 13 | . . . . . . . . . . . . 1 . . . . 3 . . 2 . 1 . . . 1 . . 5 . Shutdowns 3 | . . . . . . . . . . . . . . . . . . . . . . 1 . . . 1 . . 1 . Energy Bleed 4 | . . . . . . . . . . . . . . . . . 1 . . 2 . . . . . . . . 1 . Interference 2 | . . . . . . . . . . . . . . . . . . . . . . . . . . . . . 2 . Matter Decay 1 | . . . . . . . . . . . . . . . . . 1 . . . . . . . . . . . . . Short Circuit 1 | . . . . . . . . . . . . . . . . . . . . . . . . . . . . . 1 . Damage (minor) 2 | . . . . . . . . . . . . 1 . . . . 1 . . . . . . . . . . . . . Siege Activations 2 | . . . . . . . . . . . . . . . . . . . . 2 . . . . . . . . . . Total Turns 24 | . . . . . . . . . . . . . . . . . . . . 24 . . . . . . . . . . Longest Duration 21 | . . . . . . . . . . . . . . . . . . . . 21 . . . . . . . . . . Martial Activations . | . . . . . . . . . . . . . . . . . . . . . . . . . . . . . . . Shielding Activations 17 | . . . . . . . . . . . . . . . . . . . . 1 . 1 . . 1 12 1 1 . . Total Turns 159 | . . . . . . . . . . . . . . . . . . . . 4 . 39 . . 4 108 1 3 . . Longest Duration 39 | . . . . . . . . . . . . . . . . . . . . 4 . 39 . . 4 27 1 3 . . Robots Disrupted 3 | . . . . . . . . . . . . . 1 . . . . . . . . . 2 . . . . . . . Combat Hostiles 2 | . . . . . . . . . . . . . . . . . . . . . . . 2 . . . . . . . Robots Corrupted 7 | . . . . . 1 . . . . . . 1 . . . . 1 . . . . . 4 . . . . . . . Combat Hostiles 6 | . . . . . . . . . . . . 1 . . . . 1 . . . . . 4 . . . . . . . Parts Fried 6 | . . . . . 1 . . 3 . . . . . . . . . . . . . . 2 . . . . . . . Impact Corruptions 4 | . . . . . 1 . . . . 1 . . . . . . 2 . . . . . . . . . . . . . Robots Melted 1 | . . . . . . . . . . . . . . . . . . . . . . . . . . . . . 1 . Combat Hostiles . | . . . . . . . . . . . . . . . . . . . . . . . . . . . . . . . Parts Melted 8 | . . . . . . . . . . . . 3 1 . . . . . . . . . . . 1 . . 1 2 . Heat Transferred 6077 | . 150 . . . . . . . . . . 150 550 . . . 800 . 100 . . . . . 925 1073 444 555 923 407 Parts Sabotaged 7 | . . . . . . . . . . . . . . . . . 1 . . . . . . . . 6 . . . . Parts Stolen . | . . . . . . . . . . . . . . . . . . . . . . . . . . . . . . . Parts Stripped . | . . . . . . . . . . . . . . . . . . . . . . . . . . . . . . . Power Chain Reactions 7 | . . . . . . . . . . . . 1 3 . . . 1 . . . . . . . . . . 2 . . Alert | -11 -10 -10 -10 -9 -8 -8 -8 -8 -7 -7 -7 -7 -6 -6 -6 -6 -5 -5 -5 -5 -4 -4 -4 -4 -3 -3 -2 -2 -2 -2 ------- Run | Yrd Mat Min Exi Min Mat Gar Mat Gar Fac Gar Fac Gar Fac Was Fac Gar Fac Was Fac Gar Fac Gar Arm Lab Res Gar Res Gar Qua Sec Maximum Alert Level 5 | . 1 . . . . 3 1 3 2 3 2 3 3 1 . 4 4 2 1 4 3 3 2 . . 2 1 4 5 4 Low Security (%) 29 | 100 18 100 . 100 100 6 45 48 . . . . . 72 100 4 . . 63 8 . . . . 100 37 11 17 . . Level 1 20 | . 81 . . . . 14 54 24 . 9 1 33 . 27 . 18 . . 36 25 . . 40 . . 37 88 6 . . Level 2 18 | . . . . . . 44 . 11 100 38 98 40 25 . . 3 21 100 . 27 58 22 59 . . 25 . 7 18 . Level 3 22 | . . . . . . 34 . 15 . 51 . 25 74 . . 46 28 . . 28 41 77 . . . . . 52 49 33 Level 4 7 | . . . . . . . . . . . . . . . . 27 49 . . 9 . . . . . . . 15 7 66 Level 5 . | . . . . . . . . . . . . . . . . . . . . . . . . . . . . . 1 . High Security 1 | . . . . . . . . . . . . . . . . . . . . . . . . . . . . . 21 . Max Security . | . . . . . . . . . . . . . . . . . . . . . . . . . . . . . . . Peak Influence 1854 | 5 367 129 . 62 181 742 361 910 512 965 506 1048 961 329 79 1256 1412 494 308 1193 782 1009 515 . 143 584 328 1237 1854 1227 Initial 1100 | . . 129 . . . 115 361 . 477 329 506 287 550 329 . 46 659 494 308 64 625 515 515 . . 51 328 136 690 1100 Average 500 | 1 246 19 . 6 34 533 178 320 458 703 451 581 787 135 19 854 1001 470 153 602 676 846 407 . 32 274 265 739 1116 1124 Influence Increases 16892 | 15 949 121 . 75 553 647 16 920 134 726 25 861 649 28 178 1430 1625 6 186 1307 445 558 350 . 312 753 158 1341 1922 602 Destroy 0b10 Robot/C 6630 | . 460 60 . 40 240 400 . 540 60 360 . 435 225 . 60 615 630 . 30 510 105 300 105 . 120 285 60 420 480 90 Destroy 0b10 Robot/NC 610 | 15 105 15 . 10 65 10 5 . 25 . 12 28 32 . 12 32 92 . 20 16 24 . 4 . 36 . 24 4 24 . Destroy Leader 906 | . 130 . . 10 82 20 . 40 24 20 . 32 44 . 24 40 114 . 10 24 26 32 26 . 34 32 10 32 60 40 Allied During Kill 1096 | . . . . . 10 40 . . 21 4 . 10 . . 71 393 18 . . 126 9 . . . 65 33 34 71 169 22 Trap Triggered on 0b10 72 | . . . . . 10 10 . 20 . . . 8 . . . . 8 . . . . . 16 . . . . . . . Successful Hack 314 | . 21 . . . 6 26 8 33 2 10 . . 13 . 9 . 27 . 16 . 11 . 11 . 21 17 . . 61 22 Select Force Hacks 98 | . 60 . . . . . . . . . . . . . . . . . . . . . . . . . . . . 38 Disable Machine 1071 | . 45 . . . . 30 . . . . . . 204 . . . 288 . 36 12 84 24 . . 12 . 12 48 228 48 Anti-Garrison Action 1802 | . . . . . . 50 . 200 . 150 . 189 . . . 227 . . . 379 . 114 . . . 190 . 303 . . Destroy Structure 2907 | . 128 1 . . 5 31 3 57 2 47 1 75 23 28 2 123 304 6 38 204 102 16 128 . 24 160 6 451 876 66 Partial Spotted 27 | . . . . . 15 . . . . . . . . . . . . . . . . . . . . . . . 12 . Lose Combat Pursuer 1359 | . . 45 . 15 120 30 . 30 . 135 12 84 108 . . . 144 . 36 36 84 72 60 . . 36 12 12 12 276 Influence Decreases 15881 | 15 617 453 . 75 375 83 757 11 573 232 579 224 756 969 112 240 1469 978 534 208 900 311 908 425 243 238 560 296 1315 1425 Entered New Map 7951 | . . 203 . . . 63 381 1 433 142 459 124 498 612 . 20 597 918 132 28 566 221 468 425 . 18 256 46 537 803 Time Decay 4963 | 15 587 230 . 75 360 . 226 . 140 . 120 . 238 217 80 . 542 60 222 . 254 . 410 . 173 . 214 . 498 302 Lost Part 850 | . 30 20 . . . . . 10 . 50 . 60 20 10 . 20 160 . 30 20 . 50 10 . 10 80 10 30 50 180 Lost Ally 1517 | . . . . . 15 20 . . . 40 . 40 . 130 32 200 20 . . 160 80 40 20 . 60 140 80 220 80 140 Purge Threat 600 | . . . . . . . 150 . . . . . . . . . 150 . 150 . . . . . . . . . 150 . Squads Dispatched 86 | . 8 . . . 3 . . . 1 . . . 5 . 2 . 14 . 1 . 6 . 5 . 1 . 5 . 28 7 Investigation 13 | . 4 . . . 1 . . . . . . . 2 . . . . . . . 1 . 1 . . . 1 . 2 1 Extermination 10 | . . . . . . . . . . . . . . . . . 2 . 1 . . . 2 . 1 . 1 . 2 1 Reinforcement 25 | . 4 . . . 2 . . . . . . . 1 . 1 . 4 . . . 2 . . . . . 3 . 4 4 Assault 33 | . . . . . . . . . . . . . 1 . . . 8 . . . 2 . 2 . . . . . 19 1 Garrison 5 | . . . . . . . . . 1 . . . 1 . 1 . . . . . 1 . . . . . . . 1 . Intercept . | . . . . . . . . . . . . . . . . . . . . . . . . . . . . . . . Searches Triggered . | . . . . . . . . . . . . . . . . . . . . . . . . . . . . . . . Construction Impeded 3 | . . . . . . . . . . . . . . . . . 1 . . . . . . . . . 1 . 1 . Haulers Reinforced 5 | . . . . . . . . . . . . . 1 . . . 2 . . . 1 . . . . . . . 1 . Active Scanning Responses . | . . . . . . . . . . . . . . . . . . . . . . . . . . . . . . . Cargo Convoy Interrupts . | . . . . . . . . . . . . . . . . . . . . . . . . . . . . . . . Alert ID Control Effect 40 | . . . . . . . . . . . . . . . . . . . . . . . . . . 1 4 5 28 2 Stealth | -11 -10 -10 -10 -9 -8 -8 -8 -8 -7 -7 -7 -7 -6 -6 -6 -6 -5 -5 -5 -5 -4 -4 -4 -4 -3 -3 -2 -2 -2 -2 --------- Run | Yrd Mat Min Exi Min Mat Gar Mat Gar Fac Gar Fac Gar Fac Was Fac Gar Fac Was Fac Gar Fac Gar Arm Lab Res Gar Res Gar Qua Sec Distress Signals 20 | . 2 . . . 4 . . . . . . . . . . . . . 1 1 . . 1 . 1 . 5 . 2 3 Communications Jammed . | . . . . . . . . . . . . . . . . . . . . . . . . . . . . . . . Distress Signals . | . . . . . . . . . . . . . . . . . . . . . . . . . . . . . . . Times Spotted 772 | . 32 6 . 2 27 17 1 29 2 23 5 37 24 4 5 44 79 6 13 39 24 29 28 . 8 50 17 59 108 54 Peak Tracking Total 31 | . 4 2 . 2 6 4 1 4 2 6 2 6 6 3 4 6 8 4 6 5 11 7 11 . 2 14 8 10 31 17 Tactical Retreats 75 | . . 3 . 1 4 2 . 2 . 8 1 7 6 . . . 5 . 2 2 3 3 6 . . 1 3 1 1 14 ECM-based Alert Blocks 19 | . . . . . . . . . . . . . . . . . . . . . . . 15 . . . 4 . . . Traps | -11 -10 -10 -10 -9 -8 -8 -8 -8 -7 -7 -7 -7 -6 -6 -6 -6 -5 -5 -5 -5 -4 -4 -4 -4 -3 -3 -2 -2 -2 -2 ------- Run | Yrd Mat Min Exi Min Mat Gar Mat Gar Fac Gar Fac Gar Fac Was Fac Gar Fac Was Fac Gar Fac Gar Arm Lab Res Gar Res Gar Qua Sec Traps Triggered 41 | . 2 . . . . 2 . 2 . 3 . 2 1 . 1 6 2 . . 6 . 6 1 . . 4 1 2 . . Indirectly . | . . . . . . . . . . . . . . . . . . . . . . . . . . . . . . . Trap Hack Attempts 12 | . . . . . 12 . . . . . . . . . . . . . . . . . . . . . . . . . Triggered . | . . . . . . . . . . . . . . . . . . . . . . . . . . . . . . . Disarmed . | . . . . . . . . . . . . . . . . . . . . . . . . . . . . . . . Reprogrammed 7 | . . . . . 1 . . . . . . . . . . . . . . . . . 6 . . . . . . . Reused 8 | . . . . . 1 1 . 2 . . . 1 . . . . 1 . . . . . 2 . . . . . . . Traps Extracted . | . . . . . . . . . . . . . . . . . . . . . . . . . . . . . . . Installed 6 | . . . . . . 2 . 2 . . . 1 . . . . 1 . . . . . . . . . . . . . Triggered 8 | . . . . . 1 1 . 2 . . . 1 . . . . 1 . . . . . 2 . . . . . . . Most Traps Carried 4 | . . . . 4 4 4 4 4 2 2 2 2 1 1 1 1 1 . . . . . . . . . . . . . Machines | -11 -10 -10 -10 -9 -8 -8 -8 -8 -7 -7 -7 -7 -6 -6 -6 -6 -5 -5 -5 -5 -4 -4 -4 -4 -3 -3 -2 -2 -2 -2 ---------- Run | Yrd Mat Min Exi Min Mat Gar Mat Gar Fac Gar Fac Gar Fac Was Fac Gar Fac Was Fac Gar Fac Gar Arm Lab Res Gar Res Gar Qua Sec Machines Disabled 121 | . 3 . . . . 2 . . . 2 . 2 17 . . 4 24 . 3 10 7 5 . 1 1 5 1 11 19 4 Max in Single Turn 13 | . 2 . . . . 1 . . . 1 . 1 13 . . 1 9 . 2 2 4 1 . 1 1 1 . 2 2 1 Garrison Access 2 | . . . . . . . . . . . . . . . . . 1 . . . . . . . . . . . 1 . Garrison Relay 26 | . . . . . . . . . . 2 . 2 . . . 3 . . . 5 . 3 . . . 6 . 5 . . Phase Generator 2 | . . . . . . . . . . . . . . . . . . . . 1 . . . . . . . 1 . . Machines Repaired . | . . . . . . . . . . . . . . . . . . . . . . . . . . . . . . . Machines Dismantled . | . . . . . . . . . . . . . . . . . . . . . . . . . . . . . . . Machines Sabotaged 1 | . . . . . . . . . . . . . . . . . . . . . . . . . . . . . . 1 Overloaded Fab Kills . | . . . . . . . . . . . . . . . . . . . . . . . . . . . . . . . Hacking | -11 -10 -10 -10 -9 -8 -8 -8 -8 -7 -7 -7 -7 -6 -6 -6 -6 -5 -5 -5 -5 -4 -4 -4 -4 -3 -3 -2 -2 -2 -2 --------- Run | Yrd Mat Min Exi Min Mat Gar Mat Gar Fac Gar Fac Gar Fac Was Fac Gar Fac Was Fac Gar Fac Gar Arm Lab Res Gar Res Gar Qua Sec Machines Accessed 110 | . 7 2 2 . 4 2 6 4 3 2 1 2 6 . 2 2 7 . 9 3 4 1 7 . 6 3 2 2 14 7 Terminals 80 | . 5 1 . . 2 2 5 4 1 2 . 2 4 . 1 2 6 . 5 3 3 1 4 . 4 3 . 2 12 6 Fabricators 6 | . . . . . . . . . 1 . . . 1 . . . . . 2 . . . 1 . 1 . . . . . Repair Stations 4 | . . . . . . . . . . . . . . . . . . . 1 . . . 1 . . . 1 . 1 . Recycling Units 4 | . 2 . . . . . . . . . . . . . . . 1 . . . . . 1 . . . . . . . Scanalyzers 4 | . . . . . 1 . . . . . . . 1 . . . . . . . . . . . . . . . 1 1 Garrison Access 9 | . . . . . 1 . 1 . 1 . 1 . . . 1 . . . 1 . 1 . . . 1 . 1 . . . Total Hacks 293 | . 20 3 24 . 23 5 19 9 5 3 1 4 19 . 11 5 18 . 26 7 7 1 16 . 8 3 4 2 36 14 Successful 141 | . 7 3 24 . 13 3 13 3 3 2 1 1 7 . 5 . 8 . 7 . 3 . 7 . 3 3 2 1 15 7 Failed 149 | . 13 . . . 9 2 6 6 2 1 . 3 11 . 6 5 10 . 19 7 4 1 9 . 5 . 2 1 20 7 Catastrophic 37 | . 2 . . . . 1 1 1 . . . 1 4 . 1 1 2 . 9 2 1 . 1 . 2 . . 1 5 2 Database Lockouts 3 | . . . . . 1 . . . . . . . 1 . . . . . . . . . . . . . . . 1 . Manual 92 | . 17 . 1 . 9 3 16 7 3 . . . 2 . 8 1 4 . 8 . . . 2 . 1 . . 1 3 6 Terminals 204 | . 18 2 . . 9 5 18 9 2 3 . 4 8 . 10 5 16 . 16 7 6 1 12 . 6 3 . 2 29 13 Fabricators 13 | . . . . . . . . . 2 . . . 3 . . . . . 6 . . . 1 . 1 . . . . . Repair Stations 13 | . . . . . . . . . . . . . . . . . . . 3 . . . 2 . . . 3 . 5 . Recycling Units 5 | . 2 . . . . . . . . . . . . . . . 2 . . . . . 1 . . . . . . . Scanalyzers 24 | . . . . . 13 . . . . . . . 8 . . . . . . . . . . . . . . . 2 1 Garrison Access 9 | . . . . . 1 . 1 . 1 . 1 . . . 1 . . . 1 . 1 . . . 1 . 1 . . . Terminal Hacks 84 | . 2 3 24 . 1 3 5 3 . 2 . 1 1 . 2 . 5 . 3 . 2 . 4 . 2 3 . 1 12 5 Record 37 | . . 2 23 . . . . . . . . . . . . . 1 . 1 . . . 2 . 1 . . . 7 . Part Schematic 2 | . 1 . . . . . . . . . . . . . 1 . . . . . . . . . . . . . . . Robot Analysis 3 | . . . . . 1 . 2 . . . . . . . . . . . . . . . . . . . . . . . Prototype ID Bank 4 | . 1 . . . . . 1 . . . . . . . . . 1 . . . . . . . . . . . . 1 Open Door 6 | . . 1 . . . . . 1 . . . 1 . . . . . . . . . . . . . 1 . 1 . 1 Branch Access Points 1 | . . . . . . . . . . . . . . . . . . . . . . . . . 1 . . . . . Emergency Access Points 3 | . . . . . . 1 . . . 1 . . . . . . . . . . . . . . . 1 . . . . Terminal Index 3 | . . . . . . . 1 . . . . . . . . . 1 . . . . . . . . . . . . 1 Unreport Threat 4 | . . . . . . . 1 . . . . . . . . . 1 . 1 . . . . . . . . . 1 . Locate Traps 6 | . . . . . . . . . . . . . . . 1 . 1 . . . 1 . 1 . . . . . 2 . Reprogram Traps 1 | . . . . . . . . . . . . . . . . . . . . . . . 1 . . . . . . . Zone Layout 6 | . . . . . . . . . . . . . 1 . . . . . 1 . 1 . . . . . . . 2 1 Garrison Registry 4 | . . . . . . 1 . 1 . 1 . . . . . . . . . . . . . . . 1 . . . . Patrol Navigation 1 | . . . . . . 1 . . . . . . . . . . . . . . . . . . . . . . . . Security Stations 1 | . . . . . . . . 1 . . . . . . . . . . . . . . . . . . . . . . Proto ID Catalog 1 | . . . 1 . . . . . . . . . . . . . . . . . . . . . . . . . . . Activate Exoskeleton 1 | . . . . . . . . . . . . . . . . . . . . . . . . . . . . . . 1 Fabricator Hacks 4 | . . . . . . . . . 1 . . . 1 . . . . . 1 . . . 1 . . . . . . . Network Status 3 | . . . . . . . . . 1 . . . 1 . . . . . . . . . 1 . . . . . . . Load Schematic 1 | . . . . . . . . . . . . . . . . . . . 1 . . . . . . . . . . . Repair Station Hacks 5 | . . . . . . . . . . . . . . . . . . . 2 . . . . . . . 1 . 2 . Scan Component 3 | . . . . . . . . . . . . . . . . . . . 1 . . . . . . . 1 . 1 . Repair 2 | . . . . . . . . . . . . . . . . . . . 1 . . . . . . . . . 1 . Recycling Unit Hacks 2 | . . . . . . . . . . . . . . . . . 1 . . . . . 1 . . . . . . . Retrieve Matter 1 | . . . . . . . . . . . . . . . . . . . . . . . 1 . . . . . . . Retrieve Components 1 | . . . . . . . . . . . . . . . . . 1 . . . . . . . . . . . . . Scanalyzer 12 | . . . . . 7 . . . . . . . 4 . . . . . . . . . . . . . . . 1 . Insert Component 3 | . . . . . 2 . . . . . . . 1 . . . . . . . . . . . . . . . . . Analyze 4 | . . . . . 2 . . . . . . . 2 . . . . . . . . . . . . . . . . . Retrieve Study 5 | . . . . . 3 . . . . . . . 1 . . . . . . . . . . . . . . . 1 . Garrison Access Hacks 9 | . . . . . 1 . 1 . 1 . 1 . . . 1 . . . 1 . 1 . . . 1 . 1 . . . Unlock Access 9 | . . . . . 1 . 1 . 1 . 1 . . . 1 . . . 1 . 1 . . . 1 . 1 . . . Unauthorized Hacks 25 | . 5 . . . 4 . 7 . 1 . . . 1 . 2 . 2 . . . . . 1 . . . . . . 2 Terminals 21 | . 3 . . . 4 . 7 . 1 . . . . . 2 . 2 . . . . . . . . . . . . 2 Botnet 7 | . 1 . . . 1 . 2 . . . . . . . 1 . 1 . . . . . . . . . . . . 1 Operators 2 | . . . . . 1 . . . . . . . . . . . 1 . . . . . . . . . . . . . Skim 11 | . 2 . . . 2 . 5 . 1 . . . . . 1 . . . . . . . . . . . . . . . Sabotage 1 | . . . . . . . . . . . . . . . . . . . . . . . . . . . . . . 1 Fabricators 1 | . . . . . . . . . . . . . 1 . . . . . . . . . . . . . . . . . Haulers 1 | . . . . . . . . . . . . . 1 . . . . . . . . . . . . . . . . . Repair Stations 1 | . . . . . . . . . . . . . . . . . . . . . . . 1 . . . . . . . Patch 1 | . . . . . . . . . . . . . . . . . . . . . . . 1 . . . . . . . Recycling Units 2 | . 2 . . . . . . . . . . . . . . . . . . . . . . . . . . . . . Tunnel 2 | . 2 . . . . . . . . . . . . . . . . . . . . . . . . . . . . . Scanalyzers . | . . . . . . . . . . . . . . . . . . . . . . . . . . . . . . . Garrison Access . | . . . . . . . . . . . . . . . . . . . . . . . . . . . . . . . Data Cores Recovered 4 | . . . . . . . . . . . 1 . . . . . 1 . . . . . . . 1 . . . 1 . Used . | . . . . . . . . . . . . . . . . . . . . . . . . . . . . . . . Hacking Detections 84 | . 5 1 . . 4 2 5 3 2 2 . 2 6 . 2 2 7 . 6 3 3 1 5 . 5 . 1 1 12 4 Full Trace Events 14 | . . . . . 1 1 . 2 . 1 . 1 2 . . 1 . . . 1 1 . . . . . 1 . 2 . Feedback Events 1 | . . . . . . . . . . . . . 1 . . . . . . . . . . . . . . . . . Corruption 1 | . . . . . . . . . . . . . 1 . . . . . . . . . . . . . . . . . Feedback Blocked . | . . . . . . . . . . . . . . . . . . . . . . . . . . . . . . . Robot Schematics Acquired 2 | . . . . . . . . . . . . . . . . . . . . . . . . . . . . . . 2 Robots Built . | . . . . . . . . . . . . . . . . . . . . . . . . . . . . . . . Authchips . | . . . . . . . . . . . . . . . . . . . . . . . . . . . . . . . Time . | . . . . . . . . . . . . . . . . . . . . . . . . . . . . . . . Total Robot Build Rating . | . . . . . . . . . . . . . . . . . . . . . . . . . . . . . . . Part Schematics Acquired 6 | . 1 . . . 1 . . . . . . . . . 1 . . . . . . . . . . . . . . 3 Parts Built . | . . . . . . . . . . . . . . . . . . . . . . . . . . . . . . . Authchips . | . . . . . . . . . . . . . . . . . . . . . . . . . . . . . . . Time . | . . . . . . . . . . . . . . . . . . . . . . . . . . . . . . . Total Part Build Rating . | . . . . . . . . . . . . . . . . . . . . . . . . . . . . . . . Part Studies Acquired 5 | . . . . . 3 . . . . . . . 1 . . . . . . . . . . . . . . . 1 . Parts Repaired 2 | . . . . . . . . . . . . . . . . . . . 1 . . . . . . . . . 1 . Time 127 | . . . . . . . . . . . . . . . . . . . 38 . . . . . . . . . 89 . Parts Recycled . | . . . . . . . . . . . . . . . . . . . . . . . . . . . . . . . Recycled Matter . | . . . . . . . . . . . . . . . . . . . . . . . . . . . . . . . Retrieved Matter . | . . . . . . . . . . . . . . . . . . . . . . . . . . . . . . . Retrieved Components 10 | . . . . . . . . . . . . . . . . . 10 . . . . . . . . . . . . . Parts Scanalyzed 2 | . . . . . 2 . . . . . . . . . . . . . . . . . . . . . . . . . Part Schematics Acquired 1 | . . . . . 1 . . . . . . . . . . . . . . . . . . . . . . . . . Parts Damaged 1 | . . . . . 1 . . . . . . . . . . . . . . . . . . . . . . . . . Bothacking | -11 -10 -10 -10 -9 -8 -8 -8 -8 -7 -7 -7 -7 -6 -6 -6 -6 -5 -5 -5 -5 -4 -4 -4 -4 -3 -3 -2 -2 -2 -2 ------------ Run | Yrd Mat Min Exi Min Mat Gar Mat Gar Fac Gar Fac Gar Fac Was Fac Gar Fac Was Fac Gar Fac Gar Arm Lab Res Gar Res Gar Qua Sec Used RIF Installer 9 | . . . . . . 1 . 1 . 1 . 1 . . . 1 . . . 1 . 1 . . . 1 . 1 . . Hotswap 1 | . . . . . . . . 1 . . . . . . . . . . . . . . . . . . . . . . Command Fork 1 | . . . . . . . . . . . . . . . . . . . . . . . . . . 1 . . . . Threat Obfuscator 1 | . . . . . . . . . . 1 . . . . . . . . . . . . . . . . . . . . Zone Cloak 2 | . . . . . . . . . . . . 1 . . . . . . . 1 . . . . . . . . . . Robot Detection 1 | . . . . . . . . . . . . . . . . . . . . . . . . . . . . 1 . . Alert ID Control 1 | . . . . . . . . . . . . . . . . . . . . . . 1 . . . . . . . . Autooverride 1 | . . . . . . . . . . . . . . . . 1 . . . . . . . . . . . . . . Robots Hacked 97 | . . . 3 . . . . . . . . 5 . 2 1 5 2 6 2 8 4 1 . . . 13 9 17 7 12 Non-combat 3 | . . . 2 . . . . . . . . . . . . . . . 1 . . . . . . . . . . . Combat 94 | . . . 1 . . . . . . . . 5 . 2 1 5 2 6 1 8 4 1 . . . 13 9 17 7 12 Autooverrided 18 | . . . . . . . . . . . . . . . . . 2 . . 1 . . . . . 2 3 3 . 7 Robot Hacks Applied 87 | . . . 3 . . . . . . . . 7 . 2 1 5 . 8 2 7 4 1 . . . 11 7 15 9 5 parse_system 10 | . . . 3 . . . . . . . . 1 . . . 1 . 2 . . . . . . . . . 1 2 . mark_security 1 | . . . . . . . . . . . . . . . . . . . 1 . . . . . . . . . . . ignore_targets 8 | . . . . . . . . . . . . . . 2 . . . 6 . . . . . . . . . . . . find_shortcuts 1 | . . . . . . . . . . . . . . . . . . . . . . . . . . . 1 . . . scatter_targeting 2 | . . . . . . . . . . . . . . . . . . . . . . . . . . 1 1 . . . disrupt_area 2 | . . . . . . . . . . . . . . . . . . . . . . . . . . . . . 2 . spike_heat 1 | . . . . . . . . . . . . 1 . . . . . . . . . . . . . . . . . . amplify_resonance 12 | . . . . . . . . . . . . 1 . . . . . . . . . . . . . 4 1 4 . 2 wipe_record 1 | . . . . . . . . . . . . . . . . . . . . . . . . . . . 1 . . . disable_weapons 11 | . . . . . . . . . . . . 3 . . . 3 . . . 2 . . . . . 1 1 . 1 . overwrite_iff 12 | . . . . . . . . . . . . 1 . . 1 . . . . 3 2 . . . . 1 . 3 . 1 formatsys_high 26 | . . . . . . . . . . . . . . . . 1 . . 1 2 2 1 . . . 4 2 7 4 2 Relay Couplers Released 113 | . . . . . . . . . . 9 . 8 . . . 13 1 . . 21 . 12 . . . 24 . 21 1 3 Machine Destruction 110 | . . . . . . . . . . 9 . 8 . . . 13 1 . . 21 . 12 . . . 24 . 21 1 . Programmers 3 | . . . . . . . . . . . . . . . . . . . . . . . . . . . . . . 3 Attached 33 | . . . . . . . . . . . . 1 1 . 1 3 . 1 1 4 2 1 . . . 6 2 8 1 1 Fabnet Peak Effective % . | . . . . . . . . . . . . . . . . . . . . . . . . . . . . . . . Robots Rewired 27 | . . . . . . . . 3 . . . 2 . . . 6 . . . 7 . . 5 . . . . 4 . . Allies Hacked 5 | . . . . . . . . . . . . . . . . . . . . . . . . . . 1 . 2 2 . Hacks Repelled . | . . . . . . . . . . . . . . . . . . . . . . . . . . . . . . . Allies | -11 -10 -10 -10 -9 -8 -8 -8 -8 -7 -7 -7 -7 -6 -6 -6 -6 -5 -5 -5 -5 -4 -4 -4 -4 -3 -3 -2 -2 -2 -2 -------- Run | Yrd Mat Min Exi Min Mat Gar Mat Gar Fac Gar Fac Gar Fac Was Fac Gar Fac Was Fac Gar Fac Gar Arm Lab Res Gar Res Gar Qua Sec Total Allies 117 | . . . . 3 . 2 . 3 . . . 3 . 19 1 9 2 . 1 13 4 3 5 . . 9 6 19 4 11 Largest Group 18 | . . . . 3 3 2 . 3 3 2 . 2 . 18 8 11 2 . 1 7 2 2 4 4 4 2 5 5 4 4 Highest-Rated Group 656 | . . . . 40 40 62 . 109 109 70 . 51 . 656 332 565 69 . 41 281 112 109 192 192 192 128 312 221 486 272 Highest-Rated Ally 344 | . . . . 16 16 31 . 39 39 39 . 31 . 50 46 95 47 . 41 49 56 80 48 48 48 116 69 69 344 183 Total Orders 6 | . . . . . . . . . . . . . . . . . . . . . . . 2 1 . . . . 3 . STAY 3 | . . . . . . . . . . . . . . . . . . . . . . . 2 . . . . . 1 . FOLLOW 2 | . . . . . . . . . . . . . . . . . . . . . . . . 1 . . . . 1 . GUARD 1 | . . . . . . . . . . . . . . . . . . . . . . . . . . . . . 1 . Ally Attacks 1012 | . . . . . 30 29 . . 9 6 . 16 . 176 43 172 13 . . 154 14 11 9 . 16 42 52 68 115 37 Total Damage 29218 | . . . . . 320 376 . . 99 76 . 203 . 5073 948 4925 477 . . 3450 493 271 287 . 691 1509 1342 1792 5487 1399 Kills 145 | . . . . . 4 7 . . 3 . . 2 . 7 6 32 1 . . 22 1 . . . 5 2 9 12 28 4 Allies Corrupted 7 | . . . . . 1 . . . . . . 1 . . . 1 . . . 2 . . 1 . . . . 1 . . Allies Melted 2 | . . . . . . . . . . . . . . . . . . . . . 1 1 . . . . . . . . Field Lobotomies 1 | . . . . . . . . . . . . . . . . . . . . . . . . . . 1 . . . . Intel | -11 -10 -10 -10 -9 -8 -8 -8 -8 -7 -7 -7 -7 -6 -6 -6 -6 -5 -5 -5 -5 -4 -4 -4 -4 -3 -3 -2 -2 -2 -2 ------- Run | Yrd Mat Min Exi Min Mat Gar Mat Gar Fac Gar Fac Gar Fac Was Fac Gar Fac Was Fac Gar Fac Gar Arm Lab Res Gar Res Gar Qua Sec Active Infowar (turns) 16293 | 45 574 . . 1 . . . . . 408 254 274 329 458 373 1247 1550 123 456 1798 545 1024 988 103 598 1005 454 1357 1666 663 Optics 13784 | . . . . . . . . . . . . . . . 207 1247 1550 123 456 1798 545 1024 988 103 598 1005 454 1357 1666 663 Sensors 84 | . . . . 1 . . . . . . . . . . . . . . . . 82 1 . . . . . . . . IFF 663 | . . . . . . . . . . . . . . . . . . . . . . . 431 103 129 . . . . . Terrain 2 | . . . . . . . . . . . . . 1 . . . . . 1 . . . . . . . . . . . Traps 1 | . . . . . . . . . . . . . . . 1 . . . . . . . . . . . . . . . Seismic 5170 | 45 574 . . . . . . . . 408 254 274 329 458 268 . . . . 675 258 . 364 . 469 45 261 346 75 67 ECM 169 | . . . . . . . . . . . . . . . . . . . . . . . 87 . . 27 55 . . . Robot Analysis Total 3 | . . . . . 1 . 2 . . . . . . . . . . . . . . . . . . . . . . . Derelict Logs Recovered 3 | . . 1 . 2 . . . . . . . . . . . . . . . . . . . . . . . . . . Drone Launches 9 | . . . . . . . . . . . . . . . . . . . . 9 . . . . . . . . . . Drone Recoveries 7 | . . . . . . . . . . . . . . . . . . . . 7 . . . . . . . . . . Exploration | -11 -10 -10 -10 -9 -8 -8 -8 -8 -7 -7 -7 -7 -6 -6 -6 -6 -5 -5 -5 -5 -4 -4 -4 -4 -3 -3 -2 -2 -2 -2 ------------- Run | Yrd Mat Min Exi Min Mat Gar Mat Gar Fac Gar Fac Gar Fac Was Fac Gar Fac Was Fac Gar Fac Gar Arm Lab Res Gar Res Gar Qua Sec Turns Passed 27080 | 138 2373 1461 543 930 1282 639 516 1364 291 755 254 1556 505 462 377 1247 1550 123 476 1798 545 1024 988 103 598 1005 454 1357 1703 663 Spaces Moved 14917 | 61 895 582 218 618 545 382 264 676 154 368 150 827 289 297 215 611 777 142 493 822 406 635 736 51 421 502 306 927 1063 484 Core 36 | 2 . . . . . . . . . . . . . . . . . . . . . . . . . . . . . 34 Treads 4415 | 59 895 582 218 127 368 234 264 566 154 118 6 35 81 10 . 26 271 . 43 358 . . . . . . . . . . Legs 7499 | . . . . 491 177 148 . 110 . . . 118 74 52 . . . 142 450 240 406 635 736 51 421 502 306 927 1063 450 Wheels 2967 | . . . . . . . . . . 250 144 674 134 235 215 585 506 . . 224 . . . . . . . . . . Hover . | . . . . . . . . . . . . . . . . . . . . . . . . . . . . . . . Flight . | . . . . . . . . . . . . . . . . . . . . . . . . . . . . . . . Fastest Speed 45 | 50 160 240 240 45 45 45 163 60 160 115 130 60 45 90 120 120 135 60 60 80 90 77 77 94 92 85 85 77 70 50 Average Speed 133 | 156 233 240 240 120 149 132 163 146 160 138 134 121 127 129 146 138 163 60 73 140 92 104 95 105 98 101 88 106 99 101 Slowest Speed 320 | 160 240 320 240 240 243 163 163 163 160 240 240 240 250 240 150 240 240 60 176 245 94 190 182 110 184 184 162 120 116 120 Overloaded Moves 3860 | . . . . 11 45 17 . 93 . . . 53 33 37 . . . 142 405 213 406 424 495 15 291 305 297 318 260 . Propulsion Burnouts . | . . . . . . . . . . . . . . . . . . . . . . . . . . . . . . . Robots Hopped . | . . . . . . . . . . . . . . . . . . . . . . . . . . . . . . . Potential Cave-ins 2 | . . . . . . . . . . . . . . . . . 2 . . . . . . . . . . . . . Cave-ins Triggered 1 | . . . . . . . . . . . . 1 . . . . . . . . . . . . . . . . . . Teleports 2 | . . . . . . . . . . . . . . . . . . . . . . . . . . . . . 1 1 Exploration Rate (%) 50 | 5 98 100 60 85 39 47 25 69 7 59 5 80 10 97 8 77 30 97 19 95 14 62 39 6 16 55 15 95 91 55 Regions Visited 30 Branch Regions 7 Pre-discovered Areas 4 | . 2 . 1 . . . 1 . . . . . . . . . . . . . . . . . . . . . . . Known Exits Taken 9 | . . . . . 1 . 1 . 1 . 1 . . . 1 . . . 1 . 1 . . . 1 . 1 . . . Unknown Exits Taken 8 | 1 1 1 1 1 . . . . . . . . . . . . . . . . . . 1 1 . . . . 1 . Scrap Searched 3 | . . 2 . 1 . . . . . . . . . . . . . . . . . . . . . . . . . . Spaces Dug 200 | . 5 . . . 3 1 3 9 . 4 1 22 . . . 17 12 3 5 25 2 7 3 . 3 10 1 45 10 9 Terrain Destroyed 1655 | . 140 . . . 3 20 3 33 . 20 1 42 21 8 . 78 179 3 20 151 63 33 79 11 12 60 1 227 428 19 Melee 102 | . . . . . 3 1 3 1 . 4 1 9 . . . 14 4 3 5 10 . . . . 2 9 1 29 3 . Projectile 161 | . . . . . . . . . . 16 . 2 1 . . 1 15 . . 21 17 31 5 . 10 3 . 1 19 19 AOE 1389 | . 140 . . . . 19 . 32 . . . 31 20 8 . 63 160 . 15 119 46 . 74 11 . 48 . 197 406 . Terrain Rammed . | . . . . . . . . . . . . . . . . . . . . . . . . . . . . . . . Walls Destroyed . | . . . . . . . . . . . . . . . . . . . . . . . . . . . . . . . Machines Disabled . | . . . . . . . . . . . . . . . . . . . . . . . . . . . . . . . Actions | -11 -10 -10 -10 -9 -8 -8 -8 -8 -7 -7 -7 -7 -6 -6 -6 -6 -5 -5 -5 -5 -4 -4 -4 -4 -3 -3 -2 -2 -2 -2 --------- Run | Yrd Mat Min Exi Min Mat Gar Mat Gar Fac Gar Fac Gar Fac Was Fac Gar Fac Was Fac Gar Fac Gar Arm Lab Res Gar Res Gar Qua Sec Total 20076 | 81 1037 616 239 785 909 454 338 911 187 513 196 1170 419 375 274 870 971 175 580 1282 538 821 984 91 566 892 466 1179 1543 614 Wait 1916 | . 38 5 6 131 254 6 66 109 16 30 27 68 33 29 23 50 36 14 20 107 58 18 127 29 56 189 88 57 185 41 Move 14892 | 60 894 581 217 617 545 381 264 675 154 367 149 826 289 296 214 610 777 141 492 821 405 634 735 50 420 501 305 926 1062 484 Hop . | . . . . . . . . . . . . . . . . . . . . . . . . . . . . . . . Pick Up 291 | 2 14 6 4 7 8 5 . 5 2 7 5 24 20 12 3 7 19 2 12 18 9 11 10 1 7 18 7 17 23 6 Fast Attach 217 | 7 3 2 . 2 5 . . 4 . 5 1 5 13 5 9 11 14 . 7 26 8 7 8 . 11 15 7 12 24 6 Attach 221 | . 2 1 . . 4 . . 2 2 6 1 24 19 9 4 5 19 6 7 12 10 10 11 1 9 19 6 8 14 10 Detach 52 | . . . . . . . . . . 2 . 7 3 . 1 1 9 . 4 . 1 3 3 . 5 11 . . 2 . Swap 263 | . 8 6 3 9 15 15 1 24 4 6 1 7 . 2 2 2 7 . 3 10 4 10 7 . 3 27 15 23 40 9 Drop 399 | . 2 2 6 9 16 7 . 14 3 6 6 27 29 17 13 18 18 1 11 39 16 10 17 1 16 15 10 23 40 7 Fire 1013 | 12 76 13 . 10 44 16 . 57 3 28 1 49 3 2 1 46 45 . 2 88 21 92 42 9 36 77 24 62 112 42 Melee 509 | . . . 3 . 4 17 7 17 3 32 5 116 10 3 4 72 24 11 22 44 4 . . . 3 20 3 49 33 3 Ram . | . . . . . . . . . . . . . . . . . . . . . . . . . . . . . . . Kick 4 | . . . . . 2 . . . . . . . . . . . . . . . . . . . . . 1 . 1 . Crush 2 | . . . . . . . . . . . . . . . . . 2 . . . . . . . . . . . . . Escape Stasis 165 | . . . . . . 5 . 2 . 24 . 16 . . . 48 . . . 37 . 25 . . . . . 2 6 . Rewire 114 | . . . . . . . . . . . . . . . . . . . . 80 2 1 24 . . . . . 1 6 Trap 18 | . . . . . 12 2 . 2 . . . 1 . . . . 1 . . . . . . . . . . . . . Miscellaneous . | . . . . . . . . . . . . . . . . . . . . . . . . . . . . . . . Route ------- -11/Scrapyard -10/Materials (discovered 6 exits: [*Mat x3] / *Min x2 / [*Sub]) -10/Mines (discovered 4 exits: [*Mat x2] / *Exi / [*Sub]) -10/Exiles -9/Mines (discovered 2 exits: *Mat x2) -8/Materials -8/Garrison (discovered 3 exits: *Mat x3) -8/Materials (discovered 4 exits: Fac x3 / Gar) -8/Garrison (discovered 3 exits: *Fac x3) -7/Factory (discovered 3 exits: Fac x2 / Gar) -7/Garrison (discovered 3 exits: *Fac x3) -7/Factory -7/Garrison (discovered 3 exits: *Fac x3) -6/Factory -6/Waste -6/Factory -6/Garrison (discovered 3 exits: *Fac x3) -5/Factory (discovered 2 exits: *Fac / [*Upp]) -5/Waste -5/Factory -5/Garrison (discovered 3 exits: *Fac x3) -4/Factory (discovered 2 exits: *Upp / Gar) -4/Garrison (discovered 3 exits: *Arm x3) -4/Armory -4/Lab -3/Research (discovered 3 exits: Tes x2 / Gar) -3/Garrison (discovered 4 exits: *Res x3 / [*Res]) -2/Research (discovered 2 exits: *Qua / Gar) -2/Garrison (discovered 3 exits: *Qua x3) -2/Quarantine (discovered 2 exits: *Sec / [*Frg]) -2/Section 7 (discovered 1 exit: [*Acc]) History --------- Turn | Location | Event 6 | -11/Scrapyard | Discovered new exit (range 15) 139 | -11/Scrapyard | Entered Materials 308 | -10/Materials | Build established: Mutant 485 | -10/Materials | Discovered new exit (range 12) 866 | -10/Materials | Discovered new exit (range 4) 1031 | -10/Materials | Discovered new exit (range 16) 1395 | -10/Materials | Discovered new exit (range 16) 1792 | -10/Materials | Discovered new exit (range 15) 1899 | -10/Materials | Discovered new exit (range 11) 2512 | -10/Materials | Entered Mines 2523 | -10/Mines | Found the Drone Emporium 2535 | -10/Mines | Found Prototype Device 2535 | -10/Mines | Identified Thief Drone Bay 3131 | -10/Mines | Core integrity fell below 50% 3216 | -10/Mines | Joined a pair of Derelicts in attacking an 0b10 outpost 3233 | -10/Mines | Learned Materials interactive machine intel 3415 | -10/Mines | Discovered new exit (range 10) 3516 | -10/Mines | Discovered new exit (range 7) 3665 | -10/Mines | Deemed a non-threat by the Exiles lab entrance 3665 | -10/Mines | Discovered new exit (range 5) 3727 | -10/Mines | Discovered new exit (range 14) 3737 | -10/Mines | Received a Rocket Launcher from a helpful Derelict 3973 | -10/Mines | Entered Exiles 4031 | -10/Exiles | Met 8R-AWN 4087 | -10/Exiles | Met EX-HEX 4156 | -10/Exiles | Met EX-BIN 4183 | -10/Exiles | Aligned with FarCom system 4186 | -10/Exiles | Given EX-Vault access code 4241 | -10/Exiles | Opened EX-Vault 4258 | -10/Exiles | Found Field Lobotomy Kit 4267 | -10/Exiles | Found Potential Leg 4270 | -10/Exiles | Found Potential Leg 4286 | -10/Exiles | Found AWS/Autocannon 4330 | -10/Exiles | Warned to stay clear of 0b10 Research branches 4348 | -10/Exiles | Exiles lab attacked by MAIN.C 4414 | -10/Exiles | Learned location of Zion (-7) 4484 | -10/Exiles | Discovered new exit (range 14) 4516 | -10/Exiles | Stole three prototypes: Potential Leg, AWS/Autocannon, Field Lobotomy Kit 4516 | -10/Exiles | Entered Mines 4544 | -9/Mines | Met a Derelict bent on vengeance 4554 | -9/Mines | Build established: Scavenger-Mutant 4805 | -9/Mines | Assembled infested the area 4949 | -9/Mines | Build established: Mutant 5019 | -9/Mines | Discovered new exit (range 5) 5020 | -9/Mines | Learned Materials security intel 5035 | -9/Mines | Learned Materials garrison access intel 5119 | -9/Mines | Found a hidden stash of uninstalled traps 5270 | -9/Mines | Assisted by bots powering up and referring to "LRC-V3" 5338 | -9/Mines | Found a damaged Exp. Sensor Array with a note attached 5340 | -9/Mines | Found Prototype Device 5340 | -9/Mines | Identified Exp. Sensor Array 5359 | -9/Mines | Discovered new exit (range 7) 5446 | -9/Mines | Entered Materials 5446 | -8/Materials | Accompanied by 3 allies 5446 | -8/Materials | Evolved 4 slots: Propulsion x1, Utility x2, Weapon x1 5448 | -8/Materials | Loaded intel: 19 interactive machine locations 5449 | -8/Materials | Loaded intel: 1 garrison access location 6370 | -8/Materials | Build established: Hacker-Skirmisher 6575 | -8/Materials | Central database locked down 6728 | -8/Materials | Identified exit to Garrison 6728 | -8/Materials | Entered Garrison 6771 | -8/Garrison | Rescued a captive Derelict 6773 | -8/Garrison | Rescued a captive Derelict 6960 | -8/Garrison | Installed Relay Interface Framework 7002 | -8/Garrison | Triggered checkpoint 7126 | -8/Garrison | Discovered new exit (range 33) 7126 | -8/Garrison | Discovered new exit (range 53) 7126 | -8/Garrison | Discovered new exit (range 39) 7134 | -8/Garrison | Triggered checkpoint 7367 | -8/Garrison | Entered Materials 7479 | -8/Materials | Build established: Hacker-Mutant 7726 | -8/Materials | Learned Factory stockpile data 7757 | -8/Materials | Identified exit to Factory 7779 | -8/Materials | Learned Factory garrison access intel 7791 | -8/Materials | Learned Recycling recycling unit intel 7795 | -8/Materials | Learned location of 2 exits from Lower Caves 7797 | -8/Materials | Learned location of Lower Caves (-7) 7805 | -8/Materials | Learned Factory security intel 7820 | -8/Materials | Learned location of 2 exits from Factory 7881 | -8/Materials | Identified exit to Garrison 7883 | -8/Materials | Entered Garrison 7960 | -8/Garrison | Triggered checkpoint 8009 | -8/Garrison | Triggered checkpoint 8144 | -8/Garrison | Discovered exit to Factory (range 10) 8329 | -8/Garrison | Learned Factory security intel 8430 | -8/Garrison | Triggered checkpoint 8592 | -8/Garrison | Triggered checkpoint 8691 | -8/Garrison | Expanded RIF knowledge: Hotswap 8749 | -8/Garrison | Discovered exit to Factory (range 10) 8808 | -8/Garrison | Triggered checkpoint 8927 | -8/Garrison | Triggered checkpoint 9031 | -8/Garrison | Discovered exit to Factory (range 26) 9031 | -8/Garrison | Discovered exit to Factory (range 37) 9031 | -8/Garrison | Discovered exit to Factory (range 69) 9247 | -8/Garrison | Entered Factory 9247 | -7/Factory | Accompanied by 3 allies 9247 | -7/Factory | Evolved 2 slots: Propulsion x1, Utility x1 9248 | -7/Factory | Identified exit to Factory 9249 | -7/Factory | FarCom data flow suspended 9251 | -7/Factory | Loaded intel: 4 garrison access locations 9532 | -7/Factory | Garrison activated, responded to threat 9538 | -7/Factory | Identified exit to Garrison 9538 | -7/Factory | Entered Garrison 9538 | -7/Garrison | Accompanied by 2 allies 9598 | -7/Garrison | Triggered checkpoint 9626 | -7/Garrison | Garrison Relay disabled 9782 | -7/Garrison | Triggered checkpoint 9846 | -7/Garrison | Lost 4 parts (1p2u1w) 9965 | -7/Garrison | Discovered new exit (range 10) 9976 | -7/Garrison | Triggered checkpoint 10084 | -7/Garrison | Discovered new exit (range 70) 10084 | -7/Garrison | Discovered new exit (range 50) 10084 | -7/Garrison | Discovered new exit (range 6) 10106 | -7/Garrison | Garrison Relay disabled 10231 | -7/Garrison | Expanded RIF knowledge: Threat Obfuscation 10293 | -7/Garrison | Entered Factory 10345 | -7/Factory | Identified exit to Garrison 10430 | -7/Factory | Build established: Bothacker-Mutant 10547 | -7/Factory | Entered Garrison 10741 | -7/Garrison | Build established: Scavenger-Mutant 10975 | -7/Garrison | Triggered checkpoint 10995 | -7/Garrison | Crushed by falling debris 11021 | -7/Garrison | Lost 3 parts (1n2w) 11057 | -7/Garrison | Triggered checkpoint 11106 | -7/Garrison | Garrison Relay disabled 11171 | -7/Garrison | Discovered exit to Factory (range 10) 11239 | -7/Garrison | Triggered checkpoint 11426 | -7/Garrison | Build established: Bothacker-Mutant 11561 | -7/Garrison | Discovered exit to Factory (range 12) 11700 | -7/Garrison | Core integrity fell below 50% 11738 | -7/Garrison | Destroyed 7 combat bots 11846 | -7/Garrison | Discovered exit to Factory (range 3) 11863 | -7/Garrison | Triggered checkpoint 11899 | -7/Garrison | Garrison Relay disabled 12074 | -7/Garrison | Expanded RIF knowledge: Zone Cloak 12103 | -7/Garrison | Entered Factory 12103 | -6/Factory | Evolved 2 slots: Power x1, Utility x1 12196 | -6/Factory | Central database locked down 12453 | -6/Factory | First assault squad dispatched 12524 | -6/Factory | Garrison activated, responded to threat 12608 | -6/Factory | Sucked down chute 12608 | -6/Factory | Entered Waste 12609 | -6/Waste | Met a frightened Derelict 12643 | -6/Waste | Spotted C-40 Crusher 12643 | -6/Waste | Spotted C-40 Crusher 12650 | -6/Waste | Spotted C-40 Crusher 12673 | -6/Waste | Spotted C-40 Crusher 12679 | -6/Waste | Warlord forces began an assault 12689 | -6/Waste | Allies destroyed C-40 Crusher 12697 | -6/Waste | Allies destroyed C-40 Crusher 12714 | -6/Waste | Allies destroyed C-40 Crusher 12724 | -6/Waste | Lost 3 allies 12726 | -6/Waste | Spotted C-40 Crusher 12733 | -6/Waste | Spotted C-40 Crusher 12740 | -6/Waste | Allies destroyed C-40 Crusher 12768 | -6/Waste | Lost 5 allies 13028 | -6/Waste | Discovered new exit (range 13) 13070 | -6/Waste | Entered Factory 13070 | -6/Factory | Accompanied by 8 allies 13268 | -6/Factory | Build established: Bothacker-Tank 13363 | -6/Factory | Garrison activated, responded to threat 13415 | -6/Factory | Lost 3 allies 13426 | -6/Factory | Identified exit to Garrison 13447 | -6/Factory | Entered Garrison 13447 | -6/Garrison | Accompanied by 5 allies 13523 | -6/Garrison | Triggered checkpoint 13554 | -6/Garrison | Garrison Relay disabled 13561 | -6/Garrison | Garrison Relay disabled 13651 | -6/Garrison | Build established: Bothacker-Mutant 13675 | -6/Garrison | Found embedded Infiltrators 13765 | -6/Garrison | Triggered checkpoint 13789 | -6/Garrison | Spotted B-75 Beast 13789 | -6/Garrison | Spotted B-75 Beast 13815 | -6/Garrison | Allies destroyed B-75 Beast 13824 | -6/Garrison | Allies destroyed B-75 Beast 13853 | -6/Garrison | Lost 6 allies 13888 | -6/Garrison | Discovered new exit (range 20) 13899 | -6/Garrison | Triggered checkpoint 14025 | -6/Garrison | Lost 6 allies 14089 | -6/Garrison | Triggered checkpoint 14111 | -6/Garrison | Build established: Scavenger-Mutant 14221 | -6/Garrison | Triggered checkpoint 14299 | -6/Garrison | Triggered checkpoint 14466 | -6/Garrison | Garrison Relay disabled 14488 | -6/Garrison | Discovered new exit (range 10) 14628 | -6/Garrison | Expanded RIF knowledge: Autooverride 14680 | -6/Garrison | Discovered new exit (range 11) 14694 | -6/Garrison | Entered Factory 14694 | -5/Factory | Accompanied by 1 ally 14694 | -5/Factory | Evolved 2 slots: Utility x2 14994 | -5/Factory | First assault squad dispatched 15248 | -5/Factory | Build established: Scavenger-Tank 15273 | -5/Factory | Destroyed 7 combat bots 15315 | -5/Factory | Discovered new exit (range 11) 15407 | -5/Factory | Destroyed 8 combat bots 15494 | -5/Factory | System corruption reached 10% 15543 | -5/Factory | Destroyed 10 combat bots 15629 | -5/Factory | Found Launcher Loader 15725 | -5/Factory | Lost 7 parts (1p1n4u1w) 15912 | -5/Factory | Discovered new exit (range 17) 15960 | -5/Factory | Identified exit to Factory 16171 | -5/Factory | AWS/Autocannon suddenly broke down 16243 | -5/Factory | Lost 3 parts (1p1u1w) 16244 | -5/Factory | Sucked down chute 16244 | -5/Factory | Entered Waste 16259 | -5/Waste | EMP discharged 16263 | -5/Waste | Spotted C-40 Crusher 16265 | -5/Waste | Spotted C-40 Crusher 16269 | -5/Waste | Spotted C-40 Crusher 16269 | -5/Waste | Spotted C-40 Crusher 16286 | -5/Waste | Spotted C-40 Crusher 16286 | -5/Waste | Spotted C-40 Crusher 16359 | -5/Waste | EMP discharged 16359 | -5/Waste | System corruption reached 30% 16359 | -5/Waste | Discovered new exit (range 12) 16367 | -5/Waste | Identified exit to Factory 16367 | -5/Waste | Entered Factory 16541 | -5/Factory | Build established: Hacker-Mutant 16652 | -5/Factory | Repaired Imp. Datajack 16838 | -5/Factory | Identified exit to Garrison 16843 | -5/Factory | Entered Garrison 16942 | -5/Garrison | Build established: Mutant 17002 | -5/Garrison | Phase Generator disabled 17061 | -5/Garrison | Garrison Relay disabled 17079 | -5/Garrison | Triggered checkpoint 17236 | -5/Garrison | Triggered checkpoint 17325 | -5/Garrison | Triggered checkpoint 17448 | -5/Garrison | Garrison Relay disabled 17483 | -5/Garrison | Lost 3 allies 17654 | -5/Garrison | Expanded RIF knowledge: Zone Cloak 17673 | -5/Garrison | Discovered exit to Factory (range 16) 17741 | -5/Garrison | Build established: Scavenger-Mutant 17944 | -5/Garrison | Triggered checkpoint 18047 | -5/Garrison | Garrison Relay disabled 18101 | -5/Garrison | Discovered exit to Factory (range 19) 18107 | -5/Garrison | Triggered checkpoint 18192 | -5/Garrison | Spotted Executioner 18194 | -5/Garrison | Spotted Executioner 18214 | -5/Garrison | Allies destroyed Executioner 18224 | -5/Garrison | Allies destroyed Executioner 18241 | -5/Garrison | Found Prototype Processor 18241 | -5/Garrison | Identified Exp. Core Analyzer 18251 | -5/Garrison | Found Exp. Targeting Computer 18286 | -5/Garrison | Found Exp. Core Analyzer 18359 | -5/Garrison | Triggered checkpoint 18401 | -5/Garrison | Triggered checkpoint 18469 | -5/Garrison | Triggered checkpoint 18484 | -5/Garrison | Garrison Relay disabled 18495 | -5/Garrison | Garrison Relay disabled 18523 | -5/Garrison | Build established: Scavenger-Gunner 18534 | -5/Garrison | Discovered exit to Factory (range 12) 18641 | -5/Garrison | Entered Factory 18641 | -4/Factory | Accompanied by 1 ally 18641 | -4/Factory | Evolved 2 slots: Propulsion x2 18665 | -4/Factory | Discovered new exit (range 5) 18872 | -4/Factory | Found Prototype Launcher 18872 | -4/Factory | Identified Com. Tesla Bomb Launcher 18891 | -4/Factory | First assault squad dispatched 18982 | -4/Factory | Identified exit to Upper Caves 19036 | -4/Factory | Spotted B-86 Titan 19159 | -4/Factory | Identified exit to Garrison 19175 | -4/Factory | Garrison activated, responded to threat 19186 | -4/Factory | Entered Garrison 19205 | -4/Garrison | Triggered checkpoint 19252 | -4/Garrison | Triggered checkpoint 19287 | -4/Garrison | Garrison Relay disabled 19511 | -4/Garrison | Spotted B-86 Titan 19524 | -4/Garrison | Triggered checkpoint 19550 | -4/Garrison | Garrison Relay disabled 19578 | -4/Garrison | Triggered checkpoint 19616 | -4/Garrison | Destroyed B-86 Titan 19634 | -4/Garrison | Lost 3 parts (1p1n1w) 19808 | -4/Garrison | Discovered new exit (range 22) 19846 | -4/Garrison | Expanded RIF knowledge: Alert ID Control 19920 | -4/Garrison | Triggered checkpoint 19923 | -4/Garrison | Build established: Bothacker-Gunner 19978 | -4/Garrison | Garrison Relay disabled 20068 | -4/Garrison | Triggered checkpoint 20081 | -4/Garrison | Found embedded Infiltrators 20084 | -4/Garrison | Discovered new exit (range 12) 20118 | -4/Garrison | Triggered checkpoint 20125 | -4/Garrison | Discovered new exit (range 5) 20210 | -4/Garrison | Entered Armory 20302 | -4/Armory | Build established: Botlord-Gunner 20460 | -4/Armory | First assault squad dispatched 21170 | -4/Armory | Discovered new exit (range 5) 21198 | -4/Armory | Entered Lab 21198 | -4/Lab | Accompanied by 4 allies 21198 | -4/Lab | Discovered new exit (range 9) 21210 | -4/Lab | Unable to decrypt terminal 21301 | -4/Lab | Entered Research 21301 | -3/Research | Accompanied by 4 allies 21301 | -3/Research | Evolved 2 slots: Power x1, Utility x1 21530 | -3/Research | Identified exit to Testing 21699 | -3/Research | P-80 Master assimilated allied Swordsman 7b 21810 | -3/Research | Found Prototype Processor 21810 | -3/Research | Identified Spectral Analyzer 21895 | -3/Research | Identified exit to Garrison 21899 | -3/Research | Entered Garrison 21910 | -3/Garrison | Triggered checkpoint 21976 | -3/Garrison | Discovered new exit (range 5) 22081 | -3/Garrison | Spotted B-86 Titan 22103 | -3/Garrison | Assimilated B-86 Titan with FLK Orb 22116 | -3/Garrison | Found Relay Coupler [Proto] 22119 | -3/Garrison | Found Relay Coupler [Proto] 22157 | -3/Garrison | Found Relay Coupler [Proto] 22159 | -3/Garrison | Found Relay Coupler [Proto] 22229 | -3/Garrison | Triggered checkpoint 22257 | -3/Garrison | Garrison Relay disabled 22309 | -3/Garrison | Spotted B-86 Titan 22361 | -3/Garrison | Destroyed B-86 Titan 22377 | -3/Garrison | Lost 3 parts (1p1n1w) 22449 | -3/Garrison | Triggered checkpoint 22545 | -3/Garrison | Triggered checkpoint 22562 | -3/Garrison | Discovered new exit (range 63) 22562 | -3/Garrison | Discovered new exit (range 25) 22562 | -3/Garrison | Discovered new exit (range 19) 22562 | -3/Garrison | Discovered new exit (range 65) 22634 | -3/Garrison | Lost 3 parts (1p1u1w) 22669 | -3/Garrison | Build established: Botlord-Mutant 22697 | -3/Garrison | Garrison Relay disabled 22732 | -3/Garrison | Garrison Relay disabled 22753 | -3/Garrison | Garrison Relay disabled 22811 | -3/Garrison | Rescued a captive Derelict 22827 | -3/Garrison | Triggered checkpoint 22835 | -3/Garrison | Garrison Relay disabled 22845 | -3/Garrison | Expanded RIF knowledge: Command Fork 22904 | -3/Garrison | Entered Research 22904 | -2/Research | Accompanied by 2 allies 22904 | -2/Research | Evolved 2 slots: Utility x2 23246 | -2/Research | Discovered new exit (range 9) 23269 | -2/Research | Identified exit to Garrison 23358 | -2/Research | Entered Garrison 23493 | -2/Garrison | Spotted B-90 Cyclops 23515 | -2/Garrison | Lost 3 allies 23603 | -2/Garrison | Garrison Relay disabled 23640 | -2/Garrison | Triggered checkpoint 23655 | -2/Garrison | Garrison Relay disabled 23679 | -2/Garrison | Triggered checkpoint 23679 | -2/Garrison | Triggered checkpoint 23707 | -2/Garrison | Triggered checkpoint 23772 | -2/Garrison | Phase Generator disabled 23872 | -2/Garrison | Discovered new exit (range 10) 23926 | -2/Garrison | Triggered checkpoint 24041 | -2/Garrison | Found Adv. Force Booster 24043 | -2/Garrison | Found Adv. Force Booster 24118 | -2/Garrison | Garrison Relay disabled 24195 | -2/Garrison | Garrison Relay disabled 24214 | -2/Garrison | Discovered new exit (range 22) 24326 | -2/Garrison | Expanded RIF knowledge: Robot Detection 24572 | -2/Garrison | Triggered checkpoint 24651 | -2/Garrison | Discovered new exit (range 19) 24658 | -2/Garrison | Triggered checkpoint 24715 | -2/Garrison | Entered Quarantine 24715 | -2/Quarantine | Accompanied by 3 allies 24717 | -2/Quarantine | Spotted Alpha 7 24723 | -2/Quarantine | Assimilated Alpha 7 with formatsys_high 24864 | -2/Quarantine | Found Alien Artifact 24965 | -2/Quarantine | First assault squad dispatched 24977 | -2/Quarantine | Lost 3 allies 24993 | -2/Quarantine | Found Prototype Launcher 24993 | -2/Quarantine | Identified Gui. Micro-nuke Launcher 25009 | -2/Quarantine | Cryocooling Duct disabled 25024 | -2/Quarantine | Ambient heat levels rising (+20) 25024 | -2/Quarantine | Non-combat units ordered to evacuate 25160 | -2/Quarantine | Found Alien Artifact 25160 | -2/Quarantine | Identified Dimensional Node Initializer 25160 | -2/Quarantine | Initialized slip node 25168 | -2/Quarantine | Found Alien Artifact 25168 | -2/Quarantine | Identified Hpw. Transdimensional Reconstructor 25168 | -2/Quarantine | Warped through subspace to slip node 25175 | -2/Quarantine | Found Hpw. Transdimensional Reconstructor 25180 | -2/Quarantine | Identified Subatomic Replicator 25180 | -2/Quarantine | Used Subatomic Replicator to create Alien Artifact 25187 | -2/Quarantine | Found Dimensional Node Initializer 25244 | -2/Quarantine | Found Alien Slashing Weapon 25244 | -2/Quarantine | Identified Sigix Broadsword 25416 | -2/Quarantine | Central database locked down 25602 | -2/Quarantine | Found Alien Artifact 25623 | -2/Quarantine | Build established: Botlord-Gunner 25717 | -2/Quarantine | Repaired Exp. Heat Sink 25784 | -2/Quarantine | Found Prototype Device 25784 | -2/Quarantine | Identified Adv. EM Shield 25811 | -2/Quarantine | Garrison activated, responded to threat 25825 | -2/Quarantine | P-80 Master assimilated allied Rainmaker 9a 25912 | -2/Quarantine | Destroyed 8 combat bots 26044 | -2/Quarantine | High security lockdown imminent 26069 | -2/Quarantine | Lost 3 parts (2u1w) 26124 | -2/Quarantine | High security lockdown engaged 26176 | -2/Quarantine | Spotted Fortress 26181 | -2/Quarantine | Assimilated Fortress with formatsys_high 26279 | -2/Quarantine | Discovered new exit (range 6) 26279 | -2/Quarantine | Discovered new exit (range 7) 26297 | -2/Quarantine | Build established: Botlord-Mutant 26354 | -2/Quarantine | Spotted Investigator 26359 | -2/Quarantine | Spotted Executioner 26359 | -2/Quarantine | Spotted Striker 26418 | -2/Quarantine | Entered Section 7 26749 | -2/Section 7 | Discovered new exit (range 14) 26758 | -2/Section 7 | Spotted S7 Guard 26764 | -2/Section 7 | Spotted S7 Guard 26784 | -2/Section 7 | Found Alien Artifact 26784 | -2/Section 7 | Identified Integrated Thermoelectric Network 26784 | -2/Section 7 | Installed Integrated Thermoelectric Network, gained heat-energy exchange potential 26851 | -2/Section 7 | Found Alien Artifact 26851 | -2/Section 7 | Identified Integrated Dissipator 26851 | -2/Section 7 | Installed Integrated Dissipator, increased core heat dissipation (+20) 26879 | -2/Section 7 | Spotted S7 Guard 26900 | -2/Section 7 | Spotted S7 Guard 26908 | -2/Section 7 | System corruption reached 10% 26918 | -2/Section 7 | First assault squad dispatched 26925 | -2/Section 7 | Identified Supercharged TR 26925 | -2/Section 7 | Warped through subspace 26930 | -2/Section 7 | Core integrity fell below 50% 26967 | -2/Section 7 | Spotted Executioner 26967 | -2/Section 7 | Spotted Executioner 26972 | -2/Section 7 | Lost 11 parts (4p2n2u3w) 27012 | -2/Section 7 | Spotted B-99 Colossus 27045 | -2/Section 7 | Spotted Executioner 27068 | -2/Section 7 | Lost 6 parts (6n) 27077 | -2/Section 7 | Core integrity fell below 20% 27080 | -2/Section 7 | Initialized slip node 27081 | -2/Section 7 | Core destroyed Last Messages --------------- 27075_ Machine disabled. 27076_ Attempting to rewire Sigix Exoskeleton. 27076_ Sigix Exoskeleton cannot be rewired. 27076_ Penetrated by Slug. 27076_ Slug penetrates Sigix Exoskeleton. 27076_ Penetrated by Slug. 27077_ Attempting to rewire Sigix Exoskeleton. 27077_ Sigix Exoskeleton cannot be rewired. 27078_ Attempting to rewire Sigix Exoskeleton. 27078_ Sigix Exoskeleton cannot be rewired. 27078_ Penetrated by Slug. 27078_ Slug penetrates Sigix Exoskeleton. 27078_ Slug penetrates Machine. 27078_ Slug penetrates Exoskeleton Controls. 27078_ Exoskeleton Controls disabled. 27079_ Attempting to rewire Sigix Exoskeleton. 27079_ Sigix Exoskeleton cannot be rewired. 27079_ Penetrated by Slug. 27080_ Initializer activates and latches into the ground. 27081_ Dimensional Slip Node implodes. Map ----- +----------------------------------------------------+ | """"""""""""" "???? ???????? | | "???? ???????? | | " """"" ""????????? | | " ""????????? | | """ """"???????? | | " """"???????? | | ""????????? | | """???????? | | !!! ""????????? | | !!!! """????????? | | " !!= """"""?????????????? | | """ "" """" ### """""""????????????? | | """" """"" """""""#?# """""""????????????? | | ###################?####EE/#########????????????? | | ????????????????????#""" """#?????????????????? | | ????????????????????#""" """#?????????????????? | | ????????????????????#""" """#?????????????????? | | ????????????????????#""" """#?????????????????? | | ????????????????????#""" ""#?????????????????? | | ????????????????????#""" ""#?????????????????? | | ????????????????????#"" ""#?????????????????? | | ????????????????????#" "#?????????????????? | | ????????????????????#" "#?????????????????? | | ????????????????????#" "#?????????????????? | | ????????????????????#"" "#?????????????????? | | ????????????????????#" "@" "#?????????????????? | | ????????????????????#" "X" #?????????????????? | | ????????????????????#" "#" "#?????????????????? | | ????????????????????#" "###" "#?????????????????? | | ????????????????????####??#####?????????????????? | | ????????????????????????????????????????????????? | | ????????????????????????????????????????????????? | | ????????????????????????????????????????????????? | | ????????????????????????????????????????????????? | | ????????????????????????????????????????????????? | | ????????????????????????????????????????????????? | | ????????????????????????????????????????????????? | | ????????????????????????????????????????????????? | | ????????????????????????????????????????????????? | | ????????????????????????????????????????????????? | | ????????????????????????????????????????????????? | | ????????????????????????????????????????????????? | | ????????????????????????????????????????????????? | | ????????????????????????????????????????????????? | | ????????????????????????????????????????????????? | | ????????????????????????????????????????????????? | | ????????????????????????????????????????????????? | | ????????????????????????????????????????????????? | | ????????????????????????????????????????????????? | | ????????????????????????????????????????????????? | +----------------------------------------------------+ Best States ------------- Heat Dissipation 75 Energy Generation 69 Energy Capacity 690 Matter Stores 690 Matter Capacity 800 Sight Range 24 Robot Scan Range 16 Terrain Scan Density 10 ECM Strength 2 Corruption Block 15 Armor Coverage 600 Resistance: EM 25 Phase Shifting 15 Evasion (%) 76 Targeting Accuracy 18 Melee Accuracy 6 Core Analysis 12 Armor Integrity Analysis 40 Recoil Reduction 4 Force Boost 40 Offensive Hacking 20 Defensive Hacking 32 Relay Coupler Types 5 Relay Coupler Value 112 Item Schematics ----------------- Lrg. Storage Unit | -10/Materials | Hacked ECM Suite | -8/Materials | Scanalyzed Hacking Suite | -6/Factory | Hacked Adv. Matter Compressor | -2/Section 7 | Archive Exp. Reaction Control System | -2/Section 7 | Archive Exp. Sensor Array | -2/Section 7 | Archive Robot Schematics ------------------ A-27 Freighter | -2/Section 7 | Archive R-06 Scavenger | -2/Section 7 | Archive Fabricated ------------ Nothing Repaired ---------- Imp. Datajack | 10% | -5/Factory Exp. Heat Sink | 15% | -2/Quarantine Studied --------- Arm. Treads | -8/Materials | Hacked Imp. Treads | -8/Materials | Hacked Katana | -8/Materials | Hacked Arm. Huge Wheel | -6/Factory | Hacked Centrium Leg | -2/Quarantine | Hacked Alien Tech Used ----------------- Dimensional Node Initializer High-powered Transdimensional Reconstructor Subatomic Replicator Sigix Broadsword Integrated Thermoelectric Network Integrated Dissipator Supercharged TR Achievements -------------- Assimilation Complete Below Error 47 Hackerman Infiltrator Join The Dark Side Let Me Out Of Here Let's See Who's Tougher Mindtrick Morally Flexible Powerful Protocols Pwned Satisfying Taming Of The Crushers Tune-up Unlikely Earthworm Versatile You Will Be Upgraded Challenges ------------ None Game ------ Seed BehemothSalvagingJammer Manual? 0 Play Time 06:30:15 Cumulative 35.0 hours Start 2025.10.27 @ 18:20:25 End 2025.10.28 @ 22:00:33 Sessions 7 Manual Loads 0 Difficulty Rogue Special Mode None Game No. 15 Rogue 15 Adventurer 0 Explorer 0 Win Type - Total 0 Types 0/0/0/0/0/0/0/0/0/0 Lore% 48 Gallery% 47 Achievement% 43 Wizard Run 0 Options --------- Layout 0 ASCII 0 Keyboard 0 Movement Mouse Keybinds 0 Fullscreen 1 Font 24/Smallcaps Map View 183x50 Zoom Use 0% Tactical HUD 1 Map Filters NONE Filters NONE Steam 1 RUN: b3563850-03ab-49b5-b6a8-3d6e98c4d42e